Workbook

Sheet ORÇAMENTO
D3: UNIVERSIDADE ESTADUAL DO NORTE DO PARANÁ
D4: CNPJ: 08.885.100/0001-54 | L4: BDI | M4: 0.2602
D5: OBRA: ADEQUAÇÕES NO HOSPITAL VETERINÁRIO - CLM
D6: Local: Campus Luiz Meneghel | L6: Total S/BDI | M6: =SUM(L20,L31,L52,L56,L74,L85,L89,L96,L101,L106,L126,L138,L142,L148,L157,L161,L172,L178) -> 225921.03
D7: Data do orçamento: MAIO/2025 | L7: Total c/BDI | M7: =SUM(M15,M20,M31,M52,M56,M74,M85,M89,M96,M101,M106,M126,M138,M142,M148,M157,M161,M172,M178,M188) -> 298855.53
D8: REFERÊNCIA DE PREÇOS : SINAPI_03/2025
D9: RESP.TÉCNICO: ARQ. AMANDA ALVES DA SILVA - CAU A145.438-3
A11: ITEM | B11: RESUMO | C11: CÓDIGO | D11: DESCRIÇÃO DOS SERVIÇOS | E11: UN | F11: QTD | G11: UNITÁRIO (SEM BDI) | J11: TOTAL (Valores sem BDI) | M11: VALOR TOTAL C/ BDI
G12: MATERIAL + EQ | H12: MÃO DE OBRA | I12: TOTAL | J12: MATERIAL | K12: MÃO DE OBRA | L12: TOTAL
B14: GERAL
A15: 1 | B15: SERVIÇOS PRELIMINARES GERAL | J15: =SUM(J16:J17) -> 3902.55 | K15: =SUM(K16:K17) -> 58.15 | L15: =SUM(L16:L17) -> 3960.7 | M15: =SUM(M16:M17) -> 4991.2741
A16: 1.1 | B16: CANTEIRO DE OBRA | C16: 105115 | D16: INSTALAÇÃO E DESINSTALAÇÃO MECANIZADA DE CONTÊINER OU MÓDULO HABITÁVEL DE USOS DIVERSOS. AF_03/2024 | E16: UN | F16: 1 | G16: 74.46 | H16: 58.15 | I16: =G16+H16 -> 132.61 | J16: =G16*F16 -> 74.46 | K16: =H16*F16 -> 58.15 | L16: =J16+K16 -> 132.61 | M16: =L16*(1+$M$4) -> 167.11512
A17: 1.2 | B17: CANTEIRO DE OBRA | C17: 10776 | D17: LOCACAO DE CONTAINER 2,30 X 6,00 M, ALT. 2,50 M, PARA ESCRITORIO, SEM DIVISORIAS INTERNAS E SEM SANITARIO (NAO INCLUI MOBILIZACAO/DESMOBILIZACAO) | E17: MÊS | F17: 7 | G17: 546.87 | H17: 0 | I17: =G17+H17 -> 546.87 | J17: =G17*F17 -> 3828.09 | K17: =H17*F17 -> 0 | L17: =J17+K17 -> 3828.09 | M17: =L17*(1+$M$4) -> 4824.159
B19: BANHEIROS
A20: 2 | B20: SERVIÇOS PRELIMINARES | J20: =SUM(J21:J30) -> 1168.1535 | K20: =SUM(K21:K30) -> 2650.596 | L20: =SUM(L21:L30) -> 3818.7495 | M20: =SUM(M21:M30) -> 4812.3881
A21: 2.1 | B21: DEMOLIÇÃO ALVENARIA | C21: 97622 | D21: DEMOLIÇÃO DE ALVENARIA DE BLOCO FURADO, DE FORMA MANUAL, SEM REAPROVEITAMENTO. AF_09/2023 | E21: M3 | F21: 45.7 | G21: 18.47 | H21: 41.47 | I21: =G21+H21 -> 59.94 | J21: =G21*F21 -> 844.079 | K21: =H21*F21 -> 1895.179 | L21: =J21+K21 -> 2739.258 | M21: =L21*(1+$M$4) -> 3452.0129
A22: 2.2 | B22: REMOÇÃO DE PORTAS - 10 UN | C22: 97644 | D22: REMOÇÃO DE PORTAS, DE FORMA MANUAL, SEM REAPROVEITAMENTO. AF_09/2023 | E22: M2 | F22: 16.15 | G22: 3.02 | H22: 7.09 | I22: =G22+H22 -> 10.11 | J22: =G22*F22 -> 48.773 | K22: =H22*F22 -> 114.5035 | L22: =J22+K22 -> 163.2765 | M22: =L22*(1+$M$4) -> 205.76105
A23: 2.3 | B23: REMOÇÃO DE LOUÇAS | C23: 97663 | D23: REMOÇÃO DE LOUÇAS, DE FORMA MANUAL, SEM REAPROVEITAMENTO. AF_09/2023 | E23: UN | F23: 12 | G23: 3.95 | H23: 9.42 | I23: =G23+H23 -> 13.37 | J23: =G23*F23 -> 47.4 | K23: =H23*F23 -> 113.04 | L23: =J23+K23 -> 160.44 | M23: =L23*(1+$M$4) -> 202.18649
A24: 2.4 | B24: DEMOLIÇÃO DE PISO E CONTRAPISO | C24: 97629 | D24: DEMOLIÇÃO DE LAJES, EM CONCRETO ARMADO, DE FORMA MECANIZADA COM MARTELETE, SEM REAPROVEITAMENTO. AF_09/2023 | E24: M3 | F24: 2 | G24: 26.93 | H24: 62.38 | I24: =G24+H24 -> 89.31 | J24: =G24*F24 -> 53.86 | K24: =H24*F24 -> 124.76 | L24: =J24+K24 -> 178.62 | M24: =L24*(1+$M$4) -> 225.09692
A25: 2.5 | B25: ABERTURA EM LAJE - EXAUSTOR | C25: 97629 | D25: DEMOLIÇÃO DE LAJES, EM CONCRETO ARMADO, DE FORMA MECANIZADA COM MARTELETE, SEM REAPROVEITAMENTO. AF_09/2023 | E25: M3 | F25: 0.1 | G25: 26.93 | H25: 62.38 | I25: =G25+H25 -> 89.31 | J25: =G25*F25 -> 2.693 | K25: =H25*F25 -> 6.238 | L25: =J25+K25 -> 8.931 | M25: =L25*(1+$M$4) -> 11.254846
A26: 2.6 | B26: REMOÇÃO DE REVESTIMENTOS - AZULEJOS | C26: 97634 | D26: DEMOLIÇÃO DE REVESTIMENTO CERÂMICO, DE FORMA MECANIZADA COM MARTELETE, SEM REAPROVEITAMENTO. AF_09/2023 | E26: M2 | F26: 62.05 | G26: 2.17 | H26: 5.01 | I26: =G26+H26 -> 7.18 | J26: =G26*F26 -> 134.6485 | K26: =H26*F26 -> 310.8705 | L26: =J26+K26 -> 445.519 | M26: =L26*(1+$M$4) -> 561.44304
A27: 2.7 | B27: REMOÇÃO DE TUBULAÇÕES | C27: 97662/ ADAPTADO | D27: (ADAPTADO PARA REMOÇÃO DE TODAS) REMOÇÃO DE TUBULAÇÕES (TUBOS E CONEXÕES) DE ÁGUA FRIA, DE FORMA MANUAL, SEM REAPROVEITAMENTO. AF_09/2023 | E27: M | F27: 50.5 | G27: 0.16 | H27: 0.37 | I27: =G27+H27 -> 0.53 | J27: =G27*F27 -> 8.08 | K27: =H27*F27 -> 18.685 | L27: =J27+K27 -> 26.765 | M27: =L27*(1+$M$4) -> 33.729253
A28: 2.8 | B28: REMOÇÃO DE LUMINÁRIAS | C28: 97665 | D28: REMOÇÃO DE LUMINÁRIAS, DE FORMA MANUAL, SEM REAPROVEITAMENTO. AF_09/2023 | E28: UN | F28: 4 | G28: 0.57 | H28: 1.34 | I28: =G28+H28 -> 1.91 | J28: =G28*F28 -> 2.28 | K28: =H28*F28 -> 5.36 | L28: =J28+K28 -> 7.64 | M28: =L28*(1+$M$4) -> 9.627928
A29: 2.9 | B29: REMOÇÃO DE INTERRUPTORES | C29: 97660 | D29: REMOÇÃO DE INTERRUPTORES/TOMADAS ELÉTRICAS, DE FORMA MANUAL, SEM REAPROVEITAMENTO. AF_09/2023 | E29: UN | F29: 4 | G29: 0.21 | H29: 0.49 | I29: =G29+H29 -> 0.7 | J29: =G29*F29 -> 0.84 | K29: =H29*F29 -> 1.96 | L29: =J29+K29 -> 2.8 | M29: =L29*(1+$M$4) -> 3.52856
A30: 2.10 | B30: REMOÇÃO DE CABOS ELÉTRICOS EXISTENTES | C30: 104793 | D30: REMOÇÃO DE CABOS ELÉTRICOS, COM SEÇÃO MAIOR QUE 2,5 MM² E MENOR QUE 10 MM², DE FORMA MANUAL, SEM REAPROVEITAMENTO. AF_09/2023 | E30: UN | F30: 150 | G30: 0.17 | H30: 0.4 | I30: =G30+H30 -> 0.57 | J30: =G30*F30 -> 25.5 | K30: =H30*F30 -> 60 | L30: =J30+K30 -> 85.5 | M30: =L30*(1+$M$4) -> 107.7471
A31: 3 | B31: FUNDAÇÃO, INFRAESTRUTURA E SUPERESTRUTURA | J31: =SUM(J32:J51) -> 4333.9314 | K31: =SUM(K32:K51) -> 1681.5079 | L31: =SUM(L32:L51) -> 6015.4393 | M31: =SUM(M32:M51) -> 7580.6566
A32: 3.1 | B32: ESTACAS H= 2,5M - 3UN | C32: 101174 | D32: ESTACA BROCA DE CONCRETO, DIÂMETRO DE 25CM, ESCAVAÇÃO MANUAL COM TRADO CONCHA, COM ARMADURA DE ARRANQUE. AF_05/2020 | E32: M | F32: 7.5 | G32: 60.32 | H32: 52.45 | I32: =G32+H32 -> 112.77 | J32: =G32*F32 -> 452.4 | K32: =H32*F32 -> 393.375 | L32: =J32+K32 -> 845.775 | M32: =L32*(1+$M$4) -> 1065.8457
A33: 3.2 | B33: ESTACAS - CONCRETO | C33: 94965 | D33: CONCRETO FCK = 25MPA, TRAÇO 1:2,3:2,7 (EM MASSA SECA DE CIMENTO/ AREIA MÉDIA/ BRITA 1) - PREPARO MECÂNICO COM BETONEIRA 400 L. AF_05/2021 | E33: M3 | F33: 0.35 | G33: 724.34 | H33: 141.99 | I33: =G33+H33 -> 866.33 | J33: =G33*F33 -> 253.519 | K33: =H33*F33 -> 49.6965 | L33: =J33+K33 -> 303.2155 | M33: =L33*(1+$M$4) -> 382.11217
A34: 3.3 | B34: BLOCO 55X55X40 CM - ESCAVAÇÃO | C34: 93358 | D34: ESCAVAÇÃO MANUAL DE VALA COM PROFUNDIDADE MENOR OU IGUAL A 1,30 M. AF_02/2021 | E34: M3 | F34: 0.4 | G34: 28.61 | H34: 60.75 | I34: =G34+H34 -> 89.36 | J34: =G34*F34 -> 11.444 | K34: =H34*F34 -> 24.3 | L34: =J34+K34 -> 35.744 | M34: =L34*(1+$M$4) -> 45.044589
A35: 3.4 | B35: BLOCO - FÔRMA | C35: 96534 | D35: FABRICAÇÃO, MONTAGEM E DESMONTAGEM DE FÔRMA PARA BLOCO DE COROAMENTO, EM MADEIRA SERRADA, E=25 MM, 4 UTILIZAÇÕES. AF_01/2024 | E35: M2 | F35: 1.1 | G35: 32.78 | H35: 41.53 | I35: =G35+H35 -> 74.31 | J35: =G35*F35 -> 36.058 | K35: =H35*F35 -> 45.683 | L35: =J35+K35 -> 81.741 | M35: =L35*(1+$M$4) -> 103.01001
A36: 3.5 | B36: BLOCO - LASTRO COM MATERIAL GRANULAR | C36: 96624 | D36: LASTRO COM MATERIAL GRANULAR (PEDRA BRITADA N.2), APLICADO EM PISOS OU LAJES SOBRE SOLO, ESPESSURA DE *10 CM*. AF_01/2024 | E36: M3 | F36: 0.1 | G36: 342.57 | H36: 194.29 | I36: =G36+H36 -> 536.86 | J36: =G36*F36 -> 34.257 | K36: =H36*F36 -> 19.429 | L36: =J36+K36 -> 53.686 | M36: =L36*(1+$M$4) -> 67.655097
A37: 3.6 | B37: BLOCO - ARMAÇÃO | C37: 96546 | D37: ARMAÇÃO DE BLOCO UTILIZANDO AÇO CA-50 DE 10 MM - MONTAGEM. AF_01/2024 | E37: KG | F37: 26.5 | G37: 12.51 | H37: 4.84 | I37: =G37+H37 -> 17.35 | J37: =G37*F37 -> 331.515 | K37: =H37*F37 -> 128.26 | L37: =J37+K37 -> 459.775 | M37: =L37*(1+$M$4) -> 579.40846
A38: 3.7 | B38: BLOCO - CONCRETO | C38: 94965 | D38: CONCRETO FCK = 25MPA, TRAÇO 1:2,3:2,7 (EM MASSA SECA DE CIMENTO/ AREIA MÉDIA/ BRITA 1) - PREPARO MECÂNICO COM BETONEIRA 400 L. AF_05/2021 | E38: M3 | F38: 0.6 | G38: 724.34 | H38: 141.99 | I38: =G38+H38 -> 866.33 | J38: =G38*F38 -> 434.604 | K38: =H38*F38 -> 85.194 | L38: =J38+K38 -> 519.798 | M38: =L38*(1+$M$4) -> 655.04944
A39: 3.8 | B39: BALDRAMES 15X30 CM - ESCAVAÇÃO | C39: 93358 | D39: ESCAVAÇÃO MANUAL DE VALA COM PROFUNDIDADE MENOR OU IGUAL A 1,30 M. AF_02/2021 | E39: M3 | F39: 0.4 | G39: 28.61 | H39: 60.75 | I39: =G39+H39 -> 89.36 | J39: =G39*F39 -> 11.444 | K39: =H39*F39 -> 24.3 | L39: =J39+K39 -> 35.744 | M39: =L39*(1+$M$4) -> 45.044589
A40: 3.9 | B40: BALDRAMES - FÔRMA | C40: 96536 | D40: FABRICAÇÃO, MONTAGEM E DESMONTAGEM DE FÔRMA PARA VIGA BALDRAME, EM MADEIRA SERRADA, E=25 MM, 4 UTILIZAÇÕES. AF_06/2017 | E40: M2 | F40: 3 | G40: 29.61 | H40: 34.55 | I40: =G40+H40 -> 64.16 | J40: =G40*F40 -> 88.83 | K40: =H40*F40 -> 103.65 | L40: =J40+K40 -> 192.48 | M40: =L40*(1+$M$4) -> 242.5633
A41: 3.10 | B41: BALDRAMES - LASTRO COM MATERIAL GRANULAR | C41: 96624 | D41: LASTRO COM MATERIAL GRANULAR (PEDRA BRITADA N.2), APLICADO EM PISOS OU LAJES SOBRE SOLO, ESPESSURA DE *10 CM*. AF_01/2024 | E41: M3 | F41: 0.1 | G41: 342.57 | H41: 194.29 | I41: =G41+H41 -> 536.86 | J41: =G41*F41 -> 34.257 | K41: =H41*F41 -> 19.429 | L41: =J41+K41 -> 53.686 | M41: =L41*(1+$M$4) -> 67.655097
A42: 3.11 | B42: BALDRAMES - ARMAÇÃO | C42: 92762 | D42: ARMAÇÃO DE PILAR OU VIGA DE ESTRUTURA CONVENCIONAL DE CONCRETO ARMADO UTILIZANDO AÇO CA-50 DE 10,0 MM - MONTAGEM. AF_06/2022 | E42: KG | F42: 13.4 | G42: 12.45 | H42: 1.78 | I42: =G42+H42 -> 14.23 | J42: =G42*F42 -> 166.83 | K42: =H42*F42 -> 23.852 | L42: =J42+K42 -> 190.682 | M42: =L42*(1+$M$4) -> 240.29746
A43: 3.12 | B43: BALDRAMES - CONCRETO | C43: 94965 | D43: CONCRETO FCK = 25MPA, TRAÇO 1:2,3:2,7 (EM MASSA SECA DE CIMENTO/ AREIA MÉDIA/ BRITA 1) - PREPARO MECÂNICO COM BETONEIRA 400 L. AF_05/2021 | E43: M3 | F43: 0.25 | G43: 724.34 | H43: 141.99 | I43: =G43+H43 -> 866.33 | J43: =G43*F43 -> 181.085 | K43: =H43*F43 -> 35.4975 | L43: =J43+K43 -> 216.5825 | M43: =L43*(1+$M$4) -> 272.93727
... A51: 3.20 | B51: VERGAS | C51: 105023 | D51: VERGA MOLDADA IN LOCO EM CONCRETO, ESPESSURA DE *15* CM. AF_03/2024 | E51: M | F51: 5.2 | G51: 49.12 | H51: 26.43 | I51: =G51+H51 -> 75.55 | J51: =G51*F51 -> 255.424 | K51: =H51*F51 -> 137.436 | L51: =J51+K51 -> 392.86 | M51: =L51*(1+$M$4) -> 495.08217
A52: 4 | B52: ALVENARIA E OUTRAS VEDAÇÕES | J52: =SUM(J53:J55) -> 15489.407 | K52: =SUM(K53:K55) -> 3637.246 | L52: =SUM(L53:L55) -> 19126.653 | M52: =SUM(M53:M55) -> 24103.408
A53: 4.1 | B53: PAREDE: ALVENARIA | C53: 103334 | D53: ALVENARIA DE VEDAÇÃO DE BLOCOS CERÂMICOS FURADOS NA HORIZONTAL DE 14X9X19 CM (ESPESSURA 14 CM, BLOCO DEITADO) E ARGAMASSA DE ASSENTAMENTO COM PREPARO EM BETONEIRA. AF_12/2021 | E53: M2 | F53: 25.1 | G53: 69.66 | H53: 76.97 | I53: =G53+H53 -> 146.63 | J53: =G53*F53 -> 1748.466 | K53: =H53*F53 -> 1931.947 | L53: =J53+K53 -> 3680.413 | M53: =L53*(1+$M$4) -> 4638.0565
A54: 4.2 | B54: IMPERMEABILIZAÇÃO RODAPÉ H=30CM | C54: 98555 | D54: IMPERMEABILIZAÇÃO DE SUPERFÍCIE COM ARGAMASSA POLIMÉRICA / MEMBRANA ACRÍLICA, 3 DEMÃOS. AF_09/2023 | E54: M2 | F54: 10 | G54: 15.95 | H54: 17.61 | I54: =G54+H54 -> 33.56 | J54: =G54*F54 -> 159.5 | K54: =H54*F54 -> 176.1 | L54: =J54+K54 -> 335.6 | M54: =L54*(1+$M$4) -> 422.92312
A55: 4.3 | B55: DIVISÓRIAS GRANITO H=2,10 | C55: 102253 | D55: DIVISORIA SANITÁRIA, TIPO CABINE, EM GRANITO CINZA POLIDO, ESP = 3CM, ASSENTADO COM ARGAMASSA COLANTE AC III-E, EXCLUSIVE FERRAGENS. AF_01/2021 | E55: M2 | F55: 9.3 | G55: 1460.37 | H55: 164.43 | I55: =G55+H55 -> 1624.8 | J55: =G55*F55 -> 13581.441 | K55: =H55*F55 -> 1529.199 | L55: =J55+K55 -> 15110.64 | M55: =L55*(1+$M$4) -> 19042.429
A56: 5 | B56: INSTALAÇÕES HIDROSSANITÁRIAS | J56: =SUM(J57:J73) -> 1746.349 | K56: =SUM(K57:K73) -> 1115.2959 | L56: =SUM(L57:L73) -> 2861.6449 | M56: =SUM(M57:M73) -> 3606.2449
A57: 5.1 | B57: ESGOTO CONEXÕES | C57: 89724 | D57: JOELHO 90 GRAUS, PVC, SERIE NORMAL, ESGOTO PREDIAL, DN 40 MM, JUNTA SOLDÁVEL, FORNECIDO E INSTALADO EM RAMAL DE DESCARGA OU RAMAL DE ESGOTO SANITÁRIO. AF_08/2022 | E57: UN | F57: 5 | G57: 5.53 | H57: 5.49 | I57: =G57+H57 -> 11.02 | J57: =G57*F57 -> 27.65 | K57: =H57*F57 -> 27.45 | L57: =J57+K57 -> 55.1 | M57: =L57*(1+$M$4) -> 69.43702
A58: 5.2 | B58: ESGOTO CONEXÕES | C58: 89746 | D58: JOELHO 45 GRAUS, PVC, SERIE NORMAL, ESGOTO PREDIAL, DN 100 MM, JUNTA ELÁSTICA, FORNECIDO E INSTALADO EM RAMAL DE DESCARGA OU RAMAL DE ESGOTO SANITÁRIO. AF_08/2022 | E58: UN | F58: 6 | G58: 23.23 | H58: 10.18 | I58: =G58+H58 -> 33.41 | J58: =G58*F58 -> 139.38 | K58: =H58*F58 -> 61.08 | L58: =J58+K58 -> 200.46 | M58: =L58*(1+$M$4) -> 252.61969
A59: 5.3 | B59: ESGOTO CONEXÕES | C59: 89797 | D59: JUNÇÃO SIMPLES, PVC, SERIE NORMAL, ESGOTO PREDIAL, DN 100 X 100 MM, JUNTA ELÁSTICA, FORNECIDO E INSTALADO EM RAMAL DE DESCARGA OU RAMAL DE ESGOTO SANITÁRIO. AF_08/2022 | E59: UN | F59: 6 | G59: 46.09 | H59: 13.89 | I59: =G59+H59 -> 59.98 | J59: =G59*F59 -> 276.54 | K59: =H59*F59 -> 83.34 | L59: =J59+K59 -> 359.88 | M59: =L59*(1+$M$4) -> 453.52078
A60: 5.4 | B60: ESGOTO CONEXÕES | C60: 89726 | D60: JOELHO 45 GRAUS, PVC, SERIE NORMAL, ESGOTO PREDIAL, DN 40 MM, JUNTA ELÁSTICA, FORNECIDO E INSTALADO EM RAMAL DE DESCARGA OU RAMAL DE ESGOTO SANITÁRIO. AF_08/2023 | E60: UN | F60: 5 | G60: 5.76 | H60: 5.51 | I60: =G60+H60 -> 11.27 | J60: =G60*F60 -> 28.8 | K60: =H60*F60 -> 27.55 | L60: =J60+K60 -> 56.35 | M60: =L60*(1+$M$4) -> 71.01227
A61: 5.5 | B61: ESGOTO CONEXÕES | C61: 89739 | D61: JOELHO 45 GRAUS, PVC, SERIE NORMAL, ESGOTO PREDIAL, DN 75 MM, JUNTA ELÁSTICA, FORNECIDO E INSTALADO EM RAMAL DE DESCARGA OU RAMAL DE ESGOTO SANITÁRIO. AF_08/2024 | E61: UN | F61: 2 | G61: 19.03 | H61: 8.71 | I61: =G61+H61 -> 27.74 | J61: =G61*F61 -> 38.06 | K61: =H61*F61 -> 17.42 | L61: =J61+K61 -> 55.48 | M61: =L61*(1+$M$4) -> 69.915896
A62: 5.6 | B62: ESGOTO CONEXÕES | C62: 89784 | D62: TE, PVC, SERIE NORMAL, ESGOTO PREDIAL, DN 50 X 50 MM, JUNTA ELASTICA, FORNECIDO E INSTALADO EM RAMAL DE DESCARGA OU RAMAL DE ESGOTO SANITÁRIO. AF_08/2022 | E62: UN | F62: 1 | G62: =I62-H62 -> 16.921284 | H62: =0.3372*I62 -> 8.608716 | I62: 25.53 | J62: =G62*F62 -> 16.921284 | K62: =H62*F62 -> 8.608716 | L62: =J62+K62 -> 25.53 | M62: =L62*(1+$M$4) -> 32.172906
A63: 5.7 | B63: ESGOTO TUBULAÇÃO 100MM | C63: 89714 | D63: TUBO PVC, SERIE NORMAL, ESGOTO PREDIAL, DN 100 MM, FORNECIDO E INSTALADO EM RAMAL DE DESCARGA OU RAMAL DE ESGOTO SANITÁRIO. AF_12/2014 | E63: M | F63: =8.83+6.64 -> 15.47 | G63: 20.91 | H63: 19.76 | I63: =G63+H63 -> 40.67 | J63: =G63*F63 -> 323.4777 | K63: =H63*F63 -> 305.6872 | L63: =J63+K63 -> 629.1649 | M63: =L63*(1+$M$4) -> 792.87361
A64: 5.8 | B64: ESGOTO TUBULAÇÃO 50MM | C64: 89712 | D64: TUBO PVC, SERIE NORMAL, ESGOTO PREDIAL, DN 50 MM, FORNECIDO E INSTALADO EM RAMAL DE DESCARGA OU RAMAL DE ESGOTO SANITÁRIO. AF_12/2014 | E64: M | F64: 3.5 | G64: 15.04 | H64: 14.16 | I64: =G64+H64 -> 29.2 | J64: =G64*F64 -> 52.64 | K64: =H64*F64 -> 49.56 | L64: =J64+K64 -> 102.2 | M64: =L64*(1+$M$4) -> 128.79244
A65: 5.9 | B65: ESGOTO TUBULAÇÃO 75MM | C65: 89713 | D65: TUBO PVC, SERIE NORMAL, ESGOTO PREDIAL, DN 75 MM, FORNECIDO E INSTALADO EM RAMAL DE DESCARGA OU RAMAL DE ESGOTO SANITÁRIO. AF_08/2022 | E65: M | F65: 2 | G65: 19.34 | H65: 17.11 | I65: =G65+H65 -> 36.45 | J65: =G65*F65 -> 38.68 | K65: =H65*F65 -> 34.22 | L65: =J65+K65 -> 72.9 | M65: =L65*(1+$M$4) -> 91.86858
A66: 5.10 | B66: RALOS E CAIXA SIFONADAS | C66: 104328 | D66: CAIXA SIFONADA, COM GRELHA QUADRADA, PVC, DN 150 X 150 X 50 MM, JUNTA SOLDÁVEL, FORNECIDA E INSTALADA EM RAMAL DE DESCARGA OU EM RAMAL DE ESGOTO SANITÁRIO. AF_08/2022 | E66: UN | F66: 3 | G66: 51.25 | H66: 19.66 | I66: =G66+H66 -> 70.91 | J66: =G66*F66 -> 153.75 | K66: =H66*F66 -> 58.98 | L66: =J66+K66 -> 212.73 | M66: =L66*(1+$M$4) -> 268.08235
A67: 5.11 | B67: ÁGUA FRIA CONEXÕES | C67: 89362 | D67: JOELHO 90 GRAUS, PVC, SOLDÁVEL, DN 25MM, INSTALADO EM RAMAL OU SUB-RAMAL DE ÁGUA - FORNECIMENTO E INSTALAÇÃO. AF_06/2022 | E67: UN | F67: 11 | G67: 3.78 | H67: 6.23 | I67: =G67+H67 -> 10.01 | J67: =G67*F67 -> 41.58 | K67: =H67*F67 -> 68.53 | L67: =J67+K67 -> 110.11 | M67: =L67*(1+$M$4) -> 138.76062
A68: 5.12 | B68: ÁGUA FRIA CONEXÕES | C68: 89528 | D68: LUVA, PVC, SOLDÁVEL, DN 25MM, INSTALADO EM PRUMADA DE ÁGUA - FORNECIMENTO E INSTALAÇÃO. AF_06/2022 | E68: UN | F68: 6 | G68: 2.5 | H68: 2.11 | I68: =G68+H68 -> 4.61 | J68: =G68*F68 -> 15 | K68: =H68*F68 -> 12.66 | L68: =J68+K68 -> 27.66 | M68: =L68*(1+$M$4) -> 34.857132
A69: 5.13 | B69: ÁGUA FRIA CONEXÕES | C69: 89395 | D69: TE, PVC, SOLDÁVEL, DN 25MM, INSTALADO EM RAMAL OU SUB-RAMAL DE ÁGUA - FORNECIMENTO E INSTALAÇÃO. AF_06/2022 | E69: UN | F69: 11 | G69: 5.44 | H69: 8.39 | I69: =G69+H69 -> 13.83 | J69: =G69*F69 -> 59.84 | K69: =H69*F69 -> 92.29 | L69: =J69+K69 -> 152.13 | M69: =L69*(1+$M$4) -> 191.71423
A70: 5.14 | B70: ÁGUA FRIA CONEXÕES | C70: 89428 | D70: UNIÃO, PVC, SOLDÁVEL, DN 25MM, INSTALADO EM RAMAL DE DISTRIBUIÇÃO DE ÁGUA - FORNECIMENTO E INSTALAÇÃO. AF_06/2022 | E70: UN | F70: 1 | G70: 10.25 | H70: 4.73 | I70: =G70+H70 -> 14.98 | J70: =G70*F70 -> 10.25 | K70: =H70*F70 -> 4.73 | L70: =J70+K70 -> 14.98 | M70: =L70*(1+$M$4) -> 18.877796
A71: 5.15 | B71: ÁGUA FRIA CONEXÕES | C71: 89429 | D71: ADAPTADOR CURTO COM BOLSA E ROSCA PARA REGISTRO, PVC, SOLDÁVEL, DN 25MM X 3/4 , INSTALADO EM RAMAL DE DISTRIBUIÇÃO DE ÁGUA - FORNECIMENTO E INSTALAÇÃO. AF_06/2022 | E71: UN | F71: 12 | G71: 2.89 | H71: 3.61 | I71: =G71+H71 -> 6.5 | J71: =G71*F71 -> 34.68 | K71: =H71*F71 -> 43.32 | L71: =J71+K71 -> 78 | M71: =L71*(1+$M$4) -> 98.2956
A72: 5.16 | B72: ÁGUA FRIA TUBULAÇÃO 25MM | C72: 89402 | D72: TUBO, PVC, SOLDÁVEL, DE 25MM, INSTALADO EM RAMAL DE DISTRIBUIÇÃO DE ÁGUA - FORNECIMENTO E INSTALAÇÃO. AF_06/2022 | E72: M | F72: 25 | G72: 6.04 | H72: 7.17 | I72: =G72+H72 -> 13.21 | J72: =G72*F72 -> 151 | K72: =H72*F72 -> 179.25 | L72: =J72+K72 -> 330.25 | M72: =L72*(1+$M$4) -> 416.18105
A73: 5.17 | B73: REGISTRO GAV. 3/4" C/ CANOPLA | C73: 89987 | D73: REGISTRO DE GAVETA BRUTO, LATÃO, ROSCÁVEL, 3/4", COM ACABAMENTO E CANOPLA CROMADOS - FORNECIMENTO E INSTALAÇÃO. AF_08/2021 | E73: UN | F73: 6 | G73: 56.35 | H73: 6.77 | I73: =G73+H73 -> 63.12 | J73: =G73*F73 -> 338.1 | K73: =H73*F73 -> 40.62 | L73: =J73+K73 -> 378.72 | M73: =L73*(1+$M$4) -> 477.26294
A74: 6 | B74: INSTALAÇÕES ELÉTRICAS | J74: =SUM(J75:J84) -> 1777.1716 | K74: =SUM(K75:K84) -> 912.78838 | L74: =SUM(L75:L84) -> 2689.96 | M74: =SUM(M75:M84) -> 3389.8876
A75: 6.1 | B75: ELETRODUTO FLEXÍVEL | C75: 91845 | D75: ELETRODUTO FLEXÍVEL CORRUGADO REFORÇADO, PVC, DN 25 MM (3/4"), PARA CIRCUITOS TERMINAIS, INSTALADO EM LAJE - FORNECIMENTO E INSTALAÇÃO. AF_03/2023 | E75: M | F75: =36+2 -> 38 | G75: 6.47 | H75: 2.87 | I75: =G75+H75 -> 9.34 | J75: =G75*F75 -> 245.86 | K75: =H75*F75 -> 109.06 | L75: =J75+K75 -> 354.92 | M75: =L75*(1+$M$4) -> 447.27018
A76: 6.2 | B76: CAIXA PVC EMBUTIR | C76: 91941 | D76: CAIXA RETANGULAR 4" X 2" , PVC, INSTALADA EM PAREDE - FORNECIMENTO E INSTALAÇÃO. AF_12/2015 UN CR 7,50 | E76: UN | F76: 3 | G76: 5.45 | H76: 6.07 | I76: =G76+H76 -> 11.52 | J76: =G76*F76 -> 16.35 | K76: =H76*F76 -> 18.21 | L76: =J76+K76 -> 34.56 | M76: =L76*(1+$M$4) -> 43.552512
A77: 6.3 | B77: QUADRO | C77: 101876 | D77: QUADRO DE DISTRIBUIÇÃO DE ENERGIA EM PVC, DE EMBUTIR, SEM BARRAMENTO, PARA 6 DISJUNTORES - FORNECIMENTO E INSTALAÇÃO. AF_10/2020 | E77: UN | F77: 1 | G77: 89.49 | H77: 15.24 | I77: =G77+H77 -> 104.73 | J77: =G77*F77 -> 89.49 | K77: =H77*F77 -> 15.24 | L77: =J77+K77 -> 104.73 | M77: =L77*(1+$M$4) -> 131.98075
A78: 6.4 | B78: ABERTURA EM ALVENARIAS | C78: 90447 | D78: RASGO LINEAR MANUAL EM ALVENARIA, PARA ELETRODUTOS, DIÂMETROS MENORES OU IGUAIS A 40 MM. AF_09/2023 | E78: M | F78: 10 | G78: 2.22 | H78: 6.32 | I78: =G78+H78 -> 8.54 | J78: =G78*F78 -> 22.2 | K78: =H78*F78 -> 63.2 | L78: =J78+K78 -> 85.4 | M78: =L78*(1+$M$4) -> 107.62108
A79: 6.5 | B79: CHUMBAMENTO CAIXAS E ELETRODUTOS | C79: 90467 | D79: CHUMBAMENTO LINEAR EM ALVENARIA PARA RAMAIS/DISTRIBUIÇÃO DE INSTALAÇÕES HIDRÁULICAS COM DIÂMETROS MAIORES QUE 40 MM E MENORES OU IGUAIS A 75 MM. AF_09/2023 | E79: M | F79: 10 | G79: 8.97 | H79: 16.79 | I79: =G79+H79 -> 25.76 | J79: =G79*F79 -> 89.7 | K79: =H79*F79 -> 167.9 | L79: =J79+K79 -> 257.6 | M79: =L79*(1+$M$4) -> 324.62752
A80: 6.6 | B80: INTERRUPTOR E TOMADA 110v | C80: 92023 | D80: INTERRUPTOR SIMPLES (1 MÓDULO) COM 1 TOMADA DE EMBUTIR 2P+T 10 A, INCLUINDO SUPORTE E PLACA - FORNECIMENTO E INSTALAÇÃO. AF_03/2023 | E80: UN | F80: 3 | G80: 30.68 | H80: 28.62 | I80: =G80+H80 -> 59.3 | J80: =G80*F80 -> 92.04 | K80: =H80*F80 -> 85.86 | L80: =J80+K80 -> 177.9 | M80: =L80*(1+$M$4) -> 224.18958
A81: 6.7 | B81: CABEAMENTOS NOVOS | C81: 91927 | D81: CABO DE COBRE FLEXÍVEL ISOLADO, 2,5 MM², ANTI-CHAMA 0,6/1,0 KV, PARA CIRCUITOS TERMINAIS - FORNECIMENTO E INSTALAÇÃO. AF_03/2023 | E81: M | F81: =(15+15)*2 -> 60 | G81: 4.09 | H81: 1.5 | I81: =G81+H81 -> 5.59 | J81: =G81*F81 -> 245.4 | K81: =H81*F81 -> 90 | L81: =J81+K81 -> 335.4 | M81: =L81*(1+$M$4) -> 422.67108
A82: 6.8 | B82: CABEAMENTOS NOVOS | C82: 91925 | D82: CABO DE COBRE FLEXÍVEL ISOLADO, 1,5 MM², ANTI-CHAMA 0,6/1,0 KV, PARA CIRCUITOS TERMINAIS - FORNECIMENTO E INSTALAÇÃO. AF_03/2023 | E82: M | F82: 105 | G82: =I82-H82 -> 2.761444 | H82: =0.2846*I82 -> 1.098556 | I82: 3.86 | J82: =G82*F82 -> 289.95162 | K82: =H82*F82 -> 115.34838 | L82: =J82+K82 -> 405.3 | M82: =L82*(1+$M$4) -> 510.75906
A83: 6.9 | B83: DISJUNTORES | C83: 93653 | D83: DISJUNTOR MONOPOLAR TIPO DIN, CORRENTE NOMINAL DE 10A - FORNECIMENTO E INSTALAÇÃO. AF_10/2020 | E83: UN | F83: 2 | G83: 10.73 | H83: 1.59 | I83: =G83+H83 -> 12.32 | J83: =G83*F83 -> 21.46 | K83: =H83*F83 -> 3.18 | L83: =J83+K83 -> 24.64 | M83: =L83*(1+$M$4) -> 31.051328
A84: 6.10 | B84: LUMINÁRIAS | C84: 00561/ ORSE | D84: Luminária calha sobrepor p/lamp.fluorescente 2x40w ou LED 18 à 20W, completa, incl.reator eletronico e lampadas. Rev 03_06/2024 | E84: UN | F84: 7 | G84: 94.96 | H84: 34.97 | I84: =G84+H84 -> 129.93 | J84: =G84*F84 -> 664.72 | K84: =H84*F84 -> 244.79 | L84: =J84+K84 -> 909.51 | M84: =L84*(1+$M$4) -> 1146.1645
A85: 7 | B85: ESQUADRIAS | J85: =SUM(J86:J88) -> 7591.2902 | K85: =SUM(K86:K88) -> 209.5658 | L85: =SUM(L86:L88) -> 7800.856 | M85: =SUM(M86:M88) -> 9830.6387
A86: 7.1 | B86: PORTA EM ALUMÍNIO 70X210 - 04UN | C86: 91341 | D86: PORTA EM ALUMÍNIO DE ABRIR TIPO VENEZIANA COM GUARNIÇÃO, FIXAÇÃO COM PARAFUSOS - FORNECIMENTO E INSTALAÇÃO. AF_12/2019 | E86: M2 | F86: 6 | G86: 696.94 | H86: 9.04 | I86: =G86+H86 -> 705.98 | J86: =G86*F86 -> 4181.64 | K86: =H86*F86 -> 54.24 | L86: =J86+K86 -> 4235.88 | M86: =L86*(1+$M$4) -> 5338.056
A87: 7.2 | B87: PORTA 90X210 - 01UN | C87: COMP.01 | D87: KIT DE PORTA-PRONTA DE MADEIRA EM ACABAMENTO MELAMÍNICO BRANCO, FOLHA LEVE OU MÉDIA, E BATENTE METÁLICO, 90X210CM, COM REVESTIMENTO RESISTENTE A IMPACTOS (90X40CM) E BARRA PNE, FIXAÇÃO COM ARGAMASSA - FORNECIMENTO E INSTALAÇÃO. | E87: UN | F87: 1 | G87: 1448.0702 | H87: 114.4858 | I87: =G87+H87 -> 1562.556 | J87: =G87*F87 -> 1448.0702 | K87: =H87*F87 -> 114.4858 | L87: =J87+K87 -> 1562.556 | M87: =L87*(1+$M$4) -> 1969.1331
A88: 7.3 | B88: PORTA 80X210 - 02UN | C88: 90790 | D88: KIT DE PORTA-PRONTA DE MADEIRA EM ACABAMENTO MELAMÍNICO BRANCO, FOLHA LEVE OU MÉDIA, 80X210CM, EXCLUSIVE FECHADURA, FIXAÇÃO COM PREENCHIMENTO PARCIAL DE ESPUMA EXPANSIVA - FORNECIMENTO E INSTALAÇÃO. AF_12/2019 | E88: UN | F88: 2 | G88: 980.79 | H88: 20.42 | I88: =G88+H88 -> 1001.21 | J88: =G88*F88 -> 1961.58 | K88: =H88*F88 -> 40.84 | L88: =J88+K88 -> 2002.42 | M88: =L88*(1+$M$4) -> 2523.4497
A89: 8 | B89: PISOS | J89: =SUM(J90:J95) -> 4564.444 | K89: =SUM(K90:K95) -> 897.43 | L89: =SUM(L90:L95) -> 5461.874 | M89: =SUM(M90:M95) -> 6883.0536
A90: 8.1 | B90: REATERRO E COMPACTAÇÃO | C90: 94319 | D90: ATERRO MANUAL DE VALAS COM SOLO ARGILO-ARENOSO. AF_08/2023 | E90: M3 | F90: 3 | G90: 61.89 | H90: 19.46 | I90: =G90+H90 -> 81.35 | J90: =G90*F90 -> 185.67 | K90: =H90*F90 -> 58.38 | L90: =J90+K90 -> 244.05 | M90: =L90*(1+$M$4) -> 307.55181
A91: 8.2 | B91: REATERRO E COMPACTAÇÃO | C91: 97083 | D91: COMPACTAÇÃO MECÂNICA DE SOLO PARA EXECUÇÃO DE RADIER, PISO DE CONCRETO OU LAJE SOBRE SOLO, COM COMPACTADOR DE SOLOS A PERCUSSÃO. AF_09/2021 | E91: M2 | F91: 19.4 | G91: 1.16 | H91: 2.38 | I91: =G91+H91 -> 3.54 | J91: =G91*F91 -> 22.504 | K91: =H91*F91 -> 46.172 | L91: =J91+K91 -> 68.676 | M91: =L91*(1+$M$4) -> 86.545495
A92: 8.3 | B92: PREPARO DO PISO | C92: 97113 | D92: APLICAÇÃO DE LONA PLÁSTICA PARA EXECUÇÃO DE PAVIMENTOS DE CONCRETO. AF_04/2022 | E92: M2 | F92: 19.4 | G92: 2.44 | H92: 0.27 | I92: =G92+H92 -> 2.71 | J92: =G92*F92 -> 47.336 | K92: =H92*F92 -> 5.238 | L92: =J92+K92 -> 52.574 | M92: =L92*(1+$M$4) -> 66.253755
A93: 8.4 | B93: BASE DO CONTRAPISO | C93: 94993 | D93: EXECUÇÃO DE PASSEIO (CALÇADA) OU PISO DE CONCRETO COM CONCRETO MOLDADO IN LOCO, USINADO, ACABAMENTO CONVENCIONAL, ESPESSURA 6 CM, ARMADO. AF_08/2022 | E93: M2 | F93: 19.4 | G93: 130.67 | H93: 15.12 | I93: =G93+H93 -> 145.79 | J93: =G93*F93 -> 2534.998 | K93: =H93*F93 -> 293.328 | L93: =J93+K93 -> 2828.326 | M93: =L93*(1+$M$4) -> 3564.2564
A94: 8.5 | B94: CONTRAPISO | C94: 87620 | D94: CONTRAPISO EM ARGAMASSA TRAÇO 1:4 (CIMENTO E AREIA), PREPARO MECÂNICO COM BETONEIRA 400 L, APLICADO EM ÁREAS SECAS SOBRE LAJE, ADERIDO, ACABAMENTO NÃO REFORÇADO, ESPESSURA 2CM. AF_07/2021 | E94: M2 | F94: 19.4 | G94: 26.31 | H94: 13.33 | I94: =G94+H94 -> 39.64 | J94: =G94*F94 -> 510.414 | K94: =H94*F94 -> 258.602 | L94: =J94+K94 -> 769.016 | M94: =L94*(1+$M$4) -> 969.11396
A95: 8.6 | B95: REVESTIMENTO CERÂMICO - PISO | C95: 87257 | D95: REVESTIMENTO CERÂMICO PARA PISO COM PLACAS TIPO ESMALTADA EXTRA DE DIMENSÕES 60X60 CM APLICADA EM AMBIENTES DE ÁREA MAIOR QUE 10 M2. AF_06/2014 | E95: M2 | F95: 19.4 | G95: 65.13 | H95: 12.15 | I95: =G95+H95 -> 77.28 | J95: =G95*F95 -> 1263.522 | K95: =H95*F95 -> 235.71 | L95: =J95+K95 -> 1499.232 | M95: =L95*(1+$M$4) -> 1889.3322
A96: 9 | B96: REVESTIMENTOS | J96: =SUM(J97:J100) -> 7660.46 | K96: =SUM(K97:K100) -> 5226.68 | L96: =SUM(L97:L100) -> 12887.14 | M96: =SUM(M97:M100) -> 16240.374
A97: 9.1 | B97: REGULARIZAÇÃO ALVENARIAS | C97: 87879 | D97: CHAPISCO APLICADO EM ALVENARIAS E ESTRUTURAS DE CONCRETO INTERNAS, COM COLHER DE PEDREIRO. ARGAMASSA TRAÇO 1:3 COM PREPARO EM BETONEIRA 400L. AF_10/2022 | E97: M2 | F97: 100 | G97: 2.55 | H97: 2.75 | I97: =G97+H97 -> 5.3 | J97: =G97*F97 -> 255 | K97: =H97*F97 -> 275 | L97: =J97+K97 -> 530 | M97: =L97*(1+$M$4) -> 667.906
A98: 9.2 | B98: REGULARIZAÇÃO ALVENARIAS | C98: 87529 | D98: MASSA ÚNICA, EM ARGAMASSA TRAÇO 1:2:8, PREPARO MECÂNICO, APLICADA MANUALMENTE EM PAREDES INTERNAS DE AMBIENTES COM ÁREA ENTRE 5M² E 10M², E = 17,5MM, COM TALISCAS. AF_03/2024 | E98: M2 | F98: 100 | G98: 22.23 | H98: 22.84 | I98: =G98+H98 -> 45.07 | J98: =G98*F98 -> 2223 | K98: =H98*F98 -> 2284 | L98: =J98+K98 -> 4507 | M98: =L98*(1+$M$4) -> 5679.7214
A99: 9.3 | B99: REGULARIZAÇÃO DE LAJE | C99: 87529 | D99: MASSA ÚNICA, EM ARGAMASSA TRAÇO 1:2:8, PREPARO MECÂNICO, APLICADA MANUALMENTE EM PAREDES INTERNAS DE AMBIENTES COM ÁREA ENTRE 5M² E 10M², E = 17,5MM, COM TALISCAS. AF_03/2024 | E99: M2 | F99: 2 | G99: 22.23 | H99: 22.84 | I99: =G99+H99 -> 45.07 | J99: =G99*F99 -> 44.46 | K99: =H99*F99 -> 45.68 | L99: =J99+K99 -> 90.14 | M99: =L99*(1+$M$4) -> 113.59443
A100: 9.4 | B100: REVESTIMENTO CERÂMICO - PAREDES | C100: 87273 | D100: REVESTIMENTO CERÂMICO PARA PAREDES INTERNAS COM PLACAS TIPO ESMALTADA EXTRA DE DIMENSÕES 33X45 CM APLICADAS NA ALTURA INTEIRA DAS PAREDES. AF_02/2023_PE | E100: M2 | F100: 100 | G100: 51.38 | H100: 26.22 | I100: =G100+H100 -> 77.6 | J100: =G100*F100 -> 5138 | K100: =H100*F100 -> 2622 | L100: =J100+K100 -> 7760 | M100: =L100*(1+$M$4) -> 9779.152
A101: 10 | B101: PINTURAS | J101: =SUM(J102:J105) -> 250.088 | K101: =SUM(K102:K105) -> 254.174 | L101: =SUM(L102:L105) -> 504.262 | M101: =SUM(M102:M105) -> 635.47097
A102: 10.1 | B102: PINTURA - LAJE | C102: 02344/ ORSE | D102: PREPARO DE SUPERFÍCIE COM LIXAMENTO DE PAREDES E TETOS | E102: M2 | F102: 19.4 | G102: 0.67 | H102: 2.76 | I102: =G102+H102 -> 3.43 | J102: =G102*F102 -> 12.998 | K102: =H102*F102 -> 53.544 | L102: =J102+K102 -> 66.542 | M102: =L102*(1+$M$4) -> 83.856228
A103: 10.2 | B103: PINTURA - LAJE | C103: 88495 | D103: EMASSAMENTO COM MASSA LÁTEX, APLICAÇÃO EM PAREDE, UMA DEMÃO, LIXAMENTO MANUAL. AF_04/2023 | E103: M2 | F103: 2 | G103: 5.54 | H103: 6.71 | I103: =G103+H103 -> 12.25 | J103: =G103*F103 -> 11.08 | K103: =H103*F103 -> 13.42 | L103: =J103+K103 -> 24.5 | M103: =L103*(1+$M$4) -> 30.8749
A104: 10.3 | B104: PINTURA - LAJE | C104: 88485 | D104: APLICAÇÃO DE FUNDO SELADOR ACRÍLICO EM PAREDES, UMA DEMÃO. AF_06/2014 | E104: M2 | F104: 19.4 | G104: 2.28 | H104: 2.12 | I104: =G104+H104 -> 4.4 | J104: =G104*F104 -> 44.232 | K104: =H104*F104 -> 41.128 | L104: =J104+K104 -> 85.36 | M104: =L104*(1+$M$4) -> 107.57067
A105: 10.4 | B105: PINTURA - LAJE | C105: 88488 | D105: PINTURA LÁTEX ACRÍLICA PREMIUM, APLICAÇÃO MANUAL EM TETO, DUAS DEMÃOS. AF_04/2023 | E105: M2 | F105: 19.4 | G105: 9.37 | H105: 7.53 | I105: =G105+H105 -> 16.9 | J105: =G105*F105 -> 181.778 | K105: =H105*F105 -> 146.082 | L105: =J105+K105 -> 327.86 | M105: =L105*(1+$M$4) -> 413.16917
A106: 11 | B106: LOUÇAS E ACESSÓRIOS | J106: =SUM(J107:J123) -> 8437.2361 | K106: =SUM(K107:K123) -> 820.38587 | L106: =SUM(L107:L123) -> 9257.622 | M106: =SUM(M107:M123) -> 11666.455
A107: 11.1 | B107: VASO SANITÁRIO | C107: 86931 | D107: VASO SANITÁRIO SIFONADO COM CAIXA ACOPLADA LOUÇA BRANCA, INCLUSO ENGATE FLEXÍVEL EM PLÁSTICO BRANCO, 1/2 X 40CM - FORNECIMENTO E INSTALAÇÃO. AF_01/2020 | E107: UN | F107: 5 | G107: 491.85 | H107: 32.23 | I107: =G107+H107 -> 524.08 | J107: =G107*F107 -> 2459.25 | K107: =H107*F107 -> 161.15 | L107: =J107+K107 -> 2620.4 | M107: =L107*(1+$M$4) -> 3302.2281
A108: 11.2 | B108: ASSENTO SANITÁRIO | C108: 100849 | D108: ASSENTO SANITÁRIO CONVENCIONAL - FORNECIMENTO E INSTALACAO. AF_01/2020 | E108: UN | F108: 5 | G108: 36.88 | H108: 4.58 | I108: =G108+H108 -> 41.46 | J108: =G108*F108 -> 184.4 | K108: =H108*F108 -> 22.9 | L108: =J108+K108 -> 207.3 | M108: =L108*(1+$M$4) -> 261.23946
A109: 11.3 | B109: LAVATÓRIO - PNE | C109: 86942 | D109: LAVATÓRIO LOUÇA BRANCA SUSPENSO, 29,5 X 39CM OU EQUIVALENTE, PADRÃO POPULAR, INCLUSO SIFÃO TIPO GARRAFA EM PVC, VÁLVULA E ENGATE FLEXÍVEL 30CM EM PLÁSTICO E TORNEIRA CROMADA DE MESA, PADRÃO POPULAR - FORNECIMENTO E INSTALAÇÃO. AF_01/2020 | E109: UN | F109: 1 | G109: 221.97 | H109: 27.85 | I109: =G109+H109 -> 249.82 | J109: =G109*F109 -> 221.97 | K109: =H109*F109 -> 27.85 | L109: =J109+K109 -> 249.82 | M109: =L109*(1+$M$4) -> 314.82316
A110: 11.4 | B110: LAVATÓRIOS | C110: 86902 | D110: LAVATÓRIO LOUÇA BRANCA COM COLUNA, *44 X 35,5* CM, PADRÃO POPULAR - FORNECIMENTO E INSTALAÇÃO. AF_01/2020 | E110: UN | F110: 4 | G110: 291.31 | H110: 31.51 | I110: =G110+H110 -> 322.82 | J110: =G110*F110 -> 1165.24 | K110: =H110*F110 -> 126.04 | L110: =J110+K110 -> 1291.28 | M110: =L110*(1+$M$4) -> 1627.2711
A111: 11.5 | B111: LAVATÓRIO - VÁLVULA | C111: 86880 | D111: VÁLVULA EM PLÁSTICO CROMADO TIPO AMERICANA 3.1/2 X 1.1/2 SEM ADAPTADOR PARA PIA - FORNECIMENTO E INSTALAÇÃO. AF_01/2020 | E111: UN | F111: 4 | G111: 20.29 | H111: 3.8 | I111: =G111+H111 -> 24.09 | J111: =G111*F111 -> 81.16 | K111: =H111*F111 -> 15.2 | L111: =J111+K111 -> 96.36 | M111: =L111*(1+$M$4) -> 121.43287
A112: 11.6 | B112: LAVATÓRIO - SIFÃO | C112: 86883 | D112: SIFÃO DO TIPO FLEXÍVEL EM PVC 1 X 1.1/2 - FORNECIMENTO E INSTALAÇÃO. AF_01/2020 | E112: UN | F112: 4 | G112: 8.7 | H112: 2.55 | I112: =G112+H112 -> 11.25 | J112: =G112*F112 -> 34.8 | K112: =H112*F112 -> 10.2 | L112: =J112+K112 -> 45 | M112: =L112*(1+$M$4) -> 56.709
...

Sheet ESCOLHA DO PISO
L4: BDI | M4: 0.2602
B5: CERÂMICO + RODAPÉ RETO - NÃO INDICADO
B6: REVESTIMENTO CERÂMICO - PISO | C6: 87257 | D6: REVESTIMENTO CERÂMICO PARA PISO COM PLACAS TIPO ESMALTADA EXTRA DE DIMENSÕES 60X60 CM APLICADA EM AMBIENTES DE ÁREA MAIOR QUE 10 M2. AF_06/2014 | E6: M2 | F6: 654 | G6: 65.13 | H6: 12.15 | I6: =G6+H6 -> 77.28 | J6: =G6*F6 -> 42595.02 | K6: =H6*F6 -> 7946.1 | L6: =J6+K6 -> 50541.12 | M6: =L6*(1+$M$4) -> 63691.919 | N6: =SUM(M6:M7) -> 73921.704
B7: RODAPÉ CERÂMICO | C7: 88650 | D7: RODAPÉ CERÂMICO DE 7CM DE ALTURA COM PLACAS TIPO ESMALTADA DE DIMENSÕES 60X60CM. AF_02/2023 | E7: M | F7: 574.9 | G7: 10.82 | H7: 3.3 | I7: =G7+H7 -> 14.12 | J7: =G7*F7 -> 6220.418 | K7: =H7*F7 -> 1897.17 | L7: =J7+K7 -> 8117.588 | M7: =L7*(1+$M$4) -> 10229.784
B10: CERÂMICO + RODAPÉ CURVO PVC
B11: REVESTIMENTO CERÂMICO - PISO | C11: 87257 | D11: REVESTIMENTO CERÂMICO PARA PISO COM PLACAS TIPO ESMALTADA EXTRA DE DIMENSÕES 60X60 CM APLICADA EM AMBIENTES DE ÁREA MAIOR QUE 10 M2. AF_06/2014 | E11: M2 | F11: 654 | G11: 65.13 | H11: 12.15 | I11: =G11+H11 -> 77.28 | J11: =G11*F11 -> 42595.02 | K11: =H11*F11 -> 7946.1 | L11: =J11+K11 -> 50541.12 | M11: =L11*(1+$M$4) -> 63691.919 | N11: =SUM(M11:M12) -> 158994.51
B12: RODAPÉ SOBREPOR ABAULADO- PVC | C12: COMP. | D12: RODAPÉ HOSPITALAR ABAULADO, PVC 10CM | E12: M | F12: 574.9 | G12: 85.837308 | H12: 45.707256 | I12: =G12+H12 -> 131.54456 | J12: =G12*F12 -> 49347.868 | K12: =H12*F12 -> 26277.101 | L12: =J12+K12 -> 75624.97 | M12: =L12*(1+$M$4) -> 95302.587
B15: GRANILITE + RODAPÉ GRANILITE CURVO
B16: REVESTIMENTO GRANILITE - PISO | C16: COMP.04 | D16: PISO GRANILITE COM ACABAMENTO RESINADO | E16: M2 | F16: 654 | G16: 49.3285 | H16: 28.5853 | I16: =G16+H16 -> 77.9138 | J16: =G16*F16 -> 32260.839 | K16: =H16*F16 -> 18694.786 | L16: =J16+K16 -> 50955.625 | M16: =L16*(1+$M$4) -> 64214.279 | N16: =SUM(M16:M17) -> 83724.767
B17: RODAPÉ EMBUTIDO ABAULADO - GRANILITE | C17: 101741/ ADAPT | D17: [ADAPTADO PARA GRANILITE] RODAPÉ EM MARMORITE, ALTURA 10CM. AF_09/2020 | E17: M | F17: 574.9 | G17: 8.72 | H17: 18.21 | I17: =G17+H17 -> 26.93 | J17: =G17*F17 -> 5013.128 | K17: =H17*F17 -> 10468.929 | L17: =J17+K17 -> 15482.057 | M17: =L17*(1+$M$4) -> 19510.488

Sheet COMPOSIÇÃO
D3: UNIVERSIDADE ESTADUAL DO NORTE DO PARANÁ
D4: CNPJ: 08.885.100/0001-54
D5: OBRA: ADEQUAÇÕES NO HOSPITAL VETERINÁRIO - CLM
D6: Local: Campus Luiz Meneghel
D7: Data do orçamento: MAIO/2025
D8: REFERÊNCIA DE PREÇOS : SINAPI_03/2025
D9: RESP.TÉCNICO: ARQ. AMANDA ALVES DA SILVA - CAU A145.438-3
A11: COMPOSIÇÕES UENP - BASE SINAPI
A13: 01 | B13: KIT DE PORTA-PRONTA DE MADEIRA EM ACABAMENTO MELAMÍNICO BRANCO, FOLHA LEVE OU MÉDIA, E BATENTE METÁLICO, 90X210CM, COM REVESTIMENTO RESISTENTE A IMPACTOS (90X40CM) E BARRA PNE, FIXAÇÃO COM ARGAMASSA - FORNECIMENTO E INSTALAÇÃO.
A14: DESC. | B14: PORTA PARA O BANHEIRO PNE - P03 (VER PROJETO). | F14: BASEADO SINAPI | G14: 90797 | H14: UNIDADE | I14: UN
B15: COD | D15: UN | E15: QTD | F15: VALOR MAT+EQ | G15: VALOR M.O | H15: VALOR UN | I15: VT MAT+EQ | J15: VT M.O | K15: VT
A16: INSUMO | B16: 39485 | C16: KIT PORTA PRONTA DE MADEIRA, FOLHA LEVE (NBR 15930) DE 900 X 2100 MM, DE 35 MM A 40 MM DE ESPESSURA, COM MARCO EM ACO, NUCLEO COLMEIA, CAPA LISA EM HDF, ACABAMENTO MELAMINICO BRANCO (INCLUI MARCO, ALIZARES, DOBRADICAS E FECHADURA) | D16: UN | E16: 1 | F16: 718.33 | G16: 0 | H16: =F16+G16 -> 718.33 | I16: =F16*E16 -> 718.33 | J16: =G16*E16 -> 0 | K16: =I16+J16 -> 718.33
A17: COMPOSIÇÃO | B17: 88261 | C17: CARPINTEIRO DE ESQUADRIA COM ENCARGOS COMPLEMENTARES | D17: H | E17: 0.33 | F17: 7.16 | G17: 20.44 | H17: =F17+G17 -> 27.6 | I17: =F17*E17 -> 2.3628 | J17: =G17*E17 -> 6.7452 | K17: =I17+J17 -> 9.108
A18: COMPOSIÇÃO | B18: 88309 | C18: PEDREIRO COM ENCARGOS COMPLEMENTARES | D18: H | E18: 2.02 | F18: 7.34 | G18: 21.87 | H18: =F18+G18 -> 29.21 | I18: =F18*E18 -> 14.8268 | J18: =G18*E18 -> 44.1774 | K18: =I18+J18 -> 59.0042
A19: COMPOSIÇÃO | B19: 88316 | C19: SERVENTE COM ENCARGOS COMPLEMENTARES | D19: H | E19: 1.5 | F19: 7.23 | G19: 15.36 | H19: =F19+G19 -> 22.59 | I19: =F19*E19 -> 10.845 | J19: =G19*E19 -> 23.04 | K19: =I19+J19 -> 33.885
A20: COMPOSIÇÃO | B20: 88629 | C20: ARGAMASSA TRAÇO 1:3 (EM VOLUME DE CIMENTO E AREIA MÉDIA ÚMIDA), PREPARO MANUAL. AF_08/2019 | D20: M3 | E20: 0.02 | F20: 716.14 | G20: 218.16 | H20: =F20+G20 -> 934.3 | I20: =F20*E20 -> 14.3228 | J20: =G20*E20 -> 4.3632 | K20: =I20+J20 -> 18.686
A21: COMPOSIÇÃO | B21: 100870 ADAPTADO | C21: (ADAPTADO PARA BARRA DE 40CM) BARRA DE APOIO RETA, EM ALUMINIO, COMPRIMENTO 60 CM, FIXADA NA PAREDE - FORNECIMENTO E INSTALAÇÃO. AF_01/2020 | D21: UN | E21: 1 | F21: 268.47 | G21: 36.16 | H21: =F21+G21 -> 304.63 | I21: =F21*E21 -> 268.47 | J21: =G21*E21 -> 36.16 | K21: =I21+J21 -> 304.63
A22: INSUMO | B22: 12759 | C22: CHAPA ACO INOX AISI 304 NUMERO 9 (E = 4 MM), ACABAMENTO NUMERO 1 (LAMINADO A QUENTE, FOSCO) | D22: M2 | E22: 0.36 | F22: 1162.59 | G22: 0 | H22: =F22+G22 -> 1162.59 | I22: =F22*E22 -> 418.5324 | J22: =G22*E22 -> 0 | K22: =I22+J22 -> 418.5324
A23: INSUMO | B23: 4791 | C23: ADESIVO ACRILICO DE BASE AQUOSA / COLA DE CONTATO | D23: KG | E23: 0.01 | F23: 38.04 | G23: 0 | H23: =F23+G23 -> 38.04 | I23: =F23*E23 -> 0.3804 | J23: =G23*E23 -> 0 | K23: =I23+J23 -> 0.3804
I24: =SUM(I16:I23) -> 1448.0702 | J24: =SUM(J16:J23) -> 114.4858 | K24: =SUM(K16:K23) -> 1562.556
A26: 02 | B26: TOALHEIRO PLASTICO TIPO DISPENSER PARA PAPEL TOALHA INTERFOLHADO
A27: DESC. | F27: BASEADO SINAPI | H27: UNIDADE | I27: UN
B28: COD | D28: UN | E28: QTD | F28: VALOR MAT+EQ | G28: VALOR M.O | H28: VALOR UN | I28: VT MAT+EQ | J28: VT M.O | K28: VT
A29: INSUMO | B29: 37401 | C29: TOALHEIRO PLASTICO TIPO DISPENSER PARA PAPEL TOALHA INTERFOLHADO | D29: UN | E29: 1 | F29: 41.52 | G29: 0 | H29: =F29+G29 -> 41.52 | I29: =F29*E29 -> 41.52 | J29: =G29*E29 -> 0 | K29: =I29+J29 -> 41.52
A30: COMPOSIÇÃO | B30: 88267 | C30: ENCANADOR OU BOMBEIRO HIDRÁULICO COM ENCARGOS COMPLEMENTARES | D30: H | E30: 0.3162 | F30: 6.8 | G30: 21.69 | H30: =F30+G30 -> 28.49 | I30: =F30*E30 -> 2.15016 | J30: =G30*E30 -> 6.858378 | K30: =I30+J30 -> 9.008538
A31: COMPOSIÇÃO | B31: 88316 | C31: SERVENTE COM ENCARGOS COMPLEMENTARES | D31: H | E31: 0.0996 | F31: 7.23 | G31: 15.36 | H31: =F31+G31 -> 22.59 | I31: =F31*E31 -> 0.720108 | J31: =G31*E31 -> 1.529856 | K31: =I31+J31 -> 2.249964
I32: =SUM(I29:I31) -> 44.390268 | J32: =SUM(J29:J31) -> 8.388234 | K32: =SUM(K29:K31) -> 52.778502
A34: 03 | B34: PAPELEIRA PLASTICA TIPO DISPENSER PARA PAPEL HIGIENICO ROLAO
A35: DESC. | F35: BASEADO SINAPI | H35: UNIDADE | I35: UN
B36: COD | D36: UN | E36: QTD | F36: VALOR MAT+EQ | G36: VALOR M.O | H36: VALOR UN | I36: VT MAT+EQ | J36: VT M.O | K36: VT
A37: INSUMO | B37: 37400 | C37: PAPELEIRA PLASTICA TIPO DISPENSER PARA PAPEL HIGIENICO ROLAO | D37: UN | E37: 1 | F37: 41.52 | G37: 0 | H37: =F37+G37 -> 41.52 | I37: =F37*E37 -> 41.52 | J37: =G37*E37 -> 0 | K37: =I37+J37 -> 41.52
A38: COMPOSIÇÃO | B38: 88267 | C38: ENCANADOR OU BOMBEIRO HIDRÁULICO COM ENCARGOS COMPLEMENTARES | D38: H | E38: 0.3162 | F38: 6.8 | G38: 21.69 | H38: =F38+G38 -> 28.49 | I38: =F38*E38 -> 2.15016 | J38: =G38*E38 -> 6.858378 | K38: =I38+J38 -> 9.008538
A39: COMPOSIÇÃO | B39: 88316 | C39: SERVENTE COM ENCARGOS COMPLEMENTARES | D39: H | E39: 0.0996 | F39: 7.23 | G39: 15.36 | H39: =F39+G39 -> 22.59 | I39: =F39*E39 -> 0.720108 | J39: =G39*E39 -> 1.529856 | K39: =I39+J39 -> 2.249964
I40: =SUM(I37:I39) -> 44.390268 | J40: =SUM(J37:J39) -> 8.388234 | K40: =SUM(K37:K39) -> 52.778502
A42: 04 | B42: PISO EM GRANILITE COM ACABAMENTO RESINADO
A43: DESC. | B43: PISO EM GRANILITE COM JUNTAS DE DILATAÇÃO A CADA 1,5M, ACABAMENTO LISO E RESINADO | F43: BASEADO SINAPI | H43: UNIDADE | I43: UN
B44: COD | D44: UN | E44: QTD | F44: VALOR MAT+EQ | G44: VALOR M.O | H44: VALOR UN | I44: VT MAT+EQ | J44: VT M.O | K44: VT
A45: INSUMO | B45: 3671 | C45: JUNTA PLASTICA DE DILATACAO PARA PISOS, COR CINZA, 17 X 3 MM (ALTURA X ESPESSURA) | D45: M | E45: 1.67 | F45: 3 | G45: 0 | H45: =F45+G45 -> 3 | I45: =F45*E45 -> 5.01 | J45: =G45*E45 -> 0 | K45: =I45+J45 -> 5.01
A46: INSUMO | B46: 4824 | C46: GRANILHA/ GRANA/ PEDRISCO OU AGREGADO EM MARMORE/ GRANITO/ QUARTZO E CALCARIO, PRETO, CINZA, PALHA OU BRANCO | D46: KG | E46: 23.24 | F46: 0.61 | G46: 0 | H46: =F46+G46 -> 0.61 | I46: =F46*E46 -> 14.1764 | J46: =G46*E46 -> 0 | K46: =I46+J46 -> 14.1764
A47: COMPOSIÇÃO | B47: 87298 | C47: ARGAMASSA TRAÇO 1:3 (EM VOLUME DE CIMENTO E AREIA MÉDIA ÚMIDA) PARA CONTRAPISO, PREPARO MECÂNICO COM BETONEIRA 400 L. AF_08/2019 | D47: M3 | E47: 0.02 | F47: 818.79 | G47: 151.34 | H47: =F47+G47 -> 970.13 | I47: =F47*E47 -> 16.3758 | J47: =G47*E47 -> 3.0268 | K47: =I47+J47 -> 19.4026
A48: INSUMO | B48: 7353 | C48: RESINA ACRILICA PREMIUM BASE AGUA | D48: L | E48: 0.12 | F48: 30.96 | G48: 0 | H48: =F48+G48 -> 30.96 | I48: =F48*E48 -> 3.7152 | J48: =G48*E48 -> 0 | K48: =I48+J48 -> 3.7152
A49: COMPOSIÇÃO | B49: 88309 | C49: PEDREIRO COM ENCARGOS COMPLEMENTARES | D49: H | E49: 0.55 | F49: 7.34 | G49: 21.87 | H49: =F49+G49 -> 29.21 | I49: =F49*E49 -> 4.037 | J49: =G49*E49 -> 12.0285 | K49: =I49+J49 -> 16.0655
A50: COMPOSIÇÃO | B50: 88316 | C50: SERVENTE COM ENCARGOS COMPLEMENTARES | D50: H | E50: 0.28 | F50: 7.23 | G50: 15.36 | H50: =F50+G50 -> 22.59 | I50: =F50*E50 -> 2.0244 | J50: =G50*E50 -> 4.3008 | K50: =I50+J50 -> 6.3252
A51: INSUMO | B51: 95276 | C51: POLIDORA DE PISO (POLITRIZ), PESO DE 100KG, DIÂMETRO 450 MM, MOTOR ELÉTRICO, POTÊNCIA 4 HP - CHP DIURNO. AF_09/2016 | D51: CHP | E51: 0.12 | F51: 7.34 | G51: 21.87 | H51: =F51+G51 -> 29.21 | I51: =F51*E51 -> 0.8808 | J51: =G51*E51 -> 2.6244 | K51: =I51+J51 -> 3.5052
A52: INSUMO | B52: 95277 | C52: POLIDORA DE PISO (POLITRIZ), PESO DE 100KG, DIÂMETRO 450 MM, MOTOR ELÉTRICO, POTÊNCIA 4 HP - CHI DIURNO. AF_09/2016 | D52: CHI | E52: 0.43 | F52: 7.23 | G52: 15.36 | H52: =F52+G52 -> 22.59 | I52: =F52*E52 -> 3.1089 | J52: =G52*E52 -> 6.6048 | K52: =I52+J52 -> 9.7137
I53: =SUM(I45:I52) -> 49.3285 | J53: =SUM(J45:J52) -> 28.5853 | K53: =SUM(K45:K52) -> 77.9138
A55: 05 | B55: LIMPEZA E PLICAÇÃO DE RESINA ACRÍLICA EM PISO E RODAPÉ DE GRANILITE
A56: DESC. | B56: LIXAMENTO DE RESINA EXISTENTE E APLICAÇÃO DE NOVA CAMADA DE RESINA NO PISO E NO RODAPÉ DE GRANILITE | F56: BASEADO SINAPI | G56: 102488 | H56: UNIDADE | I56: UN
B57: COD | D57: UN | E57: QTD | F57: VALOR MAT+EQ | G57: VALOR M.O | H57: VALOR UN | I57: VT MAT+EQ | J57: VT M.O | K57: VT
A58: COMPOSIÇÃO | B58: 102488 | C58: PREPARO DO PISO CIMENTADO PARA PINTURA - LIXAMENTO E LIMPEZA. AF_05/2021 | D58: M2 | E58: 1 | F58: 1.06 | G58: 2.73 | H58: =F58+G58 -> 3.79 | I58: =F58*E58 -> 1.06 | J58: =G58*E58 -> 2.73 | K58: =I58+J58 -> 3.79
A59: COMPOSIÇÃO | B59: 88274 | C59: MARMORISTA/GRANITEIRO COM ENCARGOS COMPLEMENTARES | D59: H | E59: 0.55 | F59: 6.67 | G59: 22.41 | H59: =F59+G59 -> 29.08 | I59: =F59*E59 -> 3.6685 | J59: =G59*E59 -> 12.3255 | K59: =I59+J59 -> 15.994
A60: INSUMO | B60: 7353 | C60: RESINA ACRILICA PREMIUM BASE AGUA | D60: L | E60: 0.12 | F60: 30.96 | G60: 0 | H60: =F60+G60 -> 30.96 | I60: =F60*E60 -> 3.7152 | J60: =G60*E60 -> 0 | K60: =I60+J60 -> 3.7152
A61: COMPOSIÇÃO | B61: 88316 | C61: SERVENTE COM ENCARGOS COMPLEMENTARES | D61: H | E61: 0.28 | F61: 7.23 | G61: 15.36 | H61: =F61+G61 -> 22.59 | I61: =F61*E61 -> 2.0244 | J61: =G61*E61 -> 4.3008 | K61: =I61+J61 -> 6.3252
A62: COMPOSICAO | B62: 88310 | C62: PINTOR COM ENCARGOS COMPLEMENTARES | D62: H | E62: 0.275 | F62: 8.89 | G62: 22 | H62: =F62+G62 -> 30.89 | I62: =F62*E62 -> 2.44475 | J62: =G62*E62 -> 6.05 | K62: =I62+J62 -> 8.49475
I63: =SUM(I58:I62) -> 12.91285 | J63: =SUM(J58:J62) -> 25.4063 | K63: =SUM(K58:K62) -> 38.31915
A65: 06 | B65: REMOÇÃO E REINSTALAÇÃO DE DIVISÓRIAS NAVAL, INCLUSIVE PORTA.
A66: DESC. | B66: REMOÇÃO E REINSTALAÇÃO DE PORTA E DIVISÓRIAS EM PERFIS DE AÇO E PAINÉIS EM CHAMA DE FIBRA DE MADEIRA | F66: BASEADO SINAPI | G66: 96359 | H66: UNIDADE | I66: UN
B67: COD | D67: UN | E67: QTD | F67: VALOR MAT+EQ | G67: VALOR M.O | H67: VALOR UN | I67: VT MAT+EQ | J67: VT M.O | K67: VT
A68: COMPOSICAO | B68: 88316 | C68: SERVENTE COM ENCARGOS COMPLEMENTARES | D68: H | E68: 0.195 | F68: 7.23 | G68: 15.36 | H68: =F68+G68 -> 22.59 | I68: =F68*E68 -> 1.40985 | J68: =G68*E68 -> 2.9952 | K68: =I68+J68 -> 4.40505
A69: COMPOSICAO | B69: 88278 | C69: MONTADOR DE ESTRUTURA METÁLICA COM ENCARGOS COMPLEMENTARES | D69: H | E69: 0.595 | F69: 5.93 | G69: 17.69 | H69: =F69+G69 -> 23.62 | I69: =F69*E69 -> 3.52835 | J69: =G69*E69 -> 10.52555 | K69: =I69+J69 -> 14.0539
A70: INSUMO | B70: 39443 | C70: PARAFUSO DRY WALL, EM ACO ZINCADO, CABECA LENTILHA E PONTA BROCA (LB), LARGURA 4,2 MM, COMPRIMENTO 13 MM | D70: UN | E70: 0.5441 | F70: 0 | G70: 0.21 | H70: =F70+G70 -> 0.21 | I70: =F70*E70 -> 0 | J70: =G70*E70 -> 0.114261 | K70: =I70+J70 -> 0.114261
A71: INSUMO | B71: 39435 | C71: PARAFUSO DRY WALL, EM ACO FOSFATIZADO, CABECA TROMBETA E PONTA AGULHA (TA), COMPRIMENTO 25 MM | D71: UN | E71: 20.1868 | F71: 0 | G71: 0.09 | H71: =F71+G71 -> 0.09 | I71: =F71*E71 -> 0 | J71: =G71*E71 -> 1.816812 | K71: =I71+J71 -> 1.816812
A72: INSUMO | B72: 39422 | C72: PERFIL MONTANTE, FORMATO C, EM ACO ZINCADO, PARA ESTRUTURA PAREDE DRYWALL, E = 0,5 MM, 70 X 3000 MM (L X C) | D72: M | E72: 2.9139 | F72: 0 | G72: 8.28 | H72: =F72+G72 -> 8.28 | I72: =F72*E72 -> 0 | J72: =G72*E72 -> 24.127092 | K72: =I72+J72 -> 24.127092
A73: INSUMO | B73: 39419 | C73: PERFIL GUIA, FORMATO U, EM ACO ZINCADO, PARA ESTRUTURA PAREDE DRYWALL, E = 0,5 MM, 70 X 3000 MM (L X C) | D73: M | E73: 0.9117 | F73: 0 | G73: 7.3 | H73: =F73+G73 -> 7.3 | I73: =F73*E73 -> 0 | J73: =G73*E73 -> 6.65541 | K73: =I73+J73 -> 6.65541
I74: =SUM(I68:I73) -> 4.9382 | J74: =SUM(J68:J73) -> 46.234325 | K74: =SUM(K68:K73) -> 51.172525

Sheet ORÇAMENTO SINTETICO
D3: UNIVERSIDADE ESTADUAL DO NORTE DO PARANÁ
D4: CNPJ: 08.885.100/0001-54 | L4: BDI | M4: 0.2602
D5: OBRA: REFORMA NO HOSPITAL VETERINÁRIO - CLM
D6: Local: Campus Luiz Meneghel | L6: Total S/BDI | M6: =SUM(L14,L70,L81,L92,L103,L133,L162,L173,L184,L195,L211,L222,L234,L245,L269,L280,L291,L302,L313,L324,L399,L410,L415) -> #REF!
D7: Data do orçamento: SETEMBRO/2023 | L7: Total c/BDI | M7: =SUM(N14:N418) -> #REF!
D8: REFERÊNCIA DE PREÇOS : SINAPI_Custo_Ref_Composicoes_Analitico_PR_202308_Desonerado EMISSÃO 15/09/2023
D9: RESP.TÉCNICO: ENG.CIVIL FELIPE SCALA FRÂNCICA - CREA SP 5069900657
A11: ITEM | B11: RESUMO | C11: CÓDIGO | D11: DESCRIÇÃO DOS SERVIÇOS | E11: UN | F11: QTD | G11: UNITÁRIO (SEM BDI) | J11: TOTAL (Valores sem BDI) | M11: VALOR TOTAL C/ BDI
G12: MATERIAL + EQ | H12: MÃO DE OBRA | I12: TOTAL | J12: MATERIAL | K12: MÃO DE OBRA | L12: TOTAL
A14: 1 | D14: CIRCULAÇÃO | J14: =J16+J25+J34+J43+J52+J61 -> 19615.392 | K14: =K16+K25+K34+K43+K52+K61 -> 7712.4529 | L14: =L16+L25+L34+L43+L52+L61 -> 27327.845 | M14: =M16+M25+M34+M43+M52+M61 -> 34438.55 | N14: =M14 -> 34438.55
A16: 1.1 | D16: RECEPÇÃO | J16: =SUM(J17:J23) -> 1567.7567 | K16: =SUM(K17:K23) -> 621.55468 | L16: =SUM(L17:L23) -> 2189.3114 | M16: =SUM(M17:M23) -> 2758.9702
A17: 1.1.1 | B17: REMOÇÃO: PISO | C17: 97633 | D17: DEMOLIÇÃO DE REVESTIMENTO CERÂMICO, DE FORMA MANUAL, SEM REAPROVEITAMENTO. AF_12/2017 | E17: m² | F17: 12.08 | G17: 7.5 | H17: 17.23 | I17: =SUM(G17:H17) -> 24.73 | J17: =G17*F17 -> 90.6 | K17: =H17*F17 -> 208.1384 | L17: =I17*F17 -> 298.7384 | M17: =L17*(1+$M$4) -> 376.47013
A18: 1.1.2 | B18: REGULARIZAÇÃO: PISO | C18: 87299 | D18: ARGAMASSA TRAÇO 1:3 (EM VOLUME DE CIMENTO E AREIA MÉDIA ÚMIDA) PARA CONTRAPISO, PREPARO MECÂNICO COM BETONEIRA 600 L. AF_08/2019 | E18: m³ | F18: 0.3624 | G18: 372.95 | H18: 66.6 | I18: =SUM(G18:H18) -> 439.55 | J18: =G18*F18 -> 135.15708 | K18: =H18*F18 -> 24.13584 | L18: =I18*F18 -> 159.29292 | M18: =L18*(1+$M$4) -> 200.74094
A19: 1.1.3 | B19: REVESTIMENTO: PISO | C19: 87257 | D19: REVESTIMENTO CERÂMICO PARA PISO COM PLACAS TIPO ESMALTADA EXTRA DE DIMENSÕES 60X60 CM APLICADA EM AMBIENTES DE ÁREA MAIOR QUE 10 M2. AF_06/2014 | E19: m² | F19: 12.08 | G19: 75.45 | H19: 8.62 | I19: =SUM(G19:H19) -> 84.07 | J19: =G19*F19 -> 911.436 | K19: =H19*F19 -> 104.1296 | L19: =I19*F19 -> 1015.5656 | M19: =L19*(1+$M$4) -> 1279.8158
A20: 1.1.4 | B20: REVESTIMENTO: RODAPÉ (H=0,10cm) | C20: 87257 | D20: REVESTIMENTO CERÂMICO PARA PISO COM PLACAS TIPO ESMALTADA EXTRA DE DIMENSÕES 60X60 CM APLICADA EM AMBIENTES DE ÁREA MAIOR QUE 10 M2. AF_06/2014 | E20: m² | F20: 0.972 | G20: 75.45 | H20: 8.62 | I20: =SUM(G20:H20) -> 84.07 | J20: =G20*F20 -> 73.3374 | K20: =H20*F20 -> 8.37864 | L20: =I20*F20 -> 81.71604 | M20: =L20*(1+$M$4) -> 102.97855
A21: 1.1.5 | B21: PINTURA: PAREDE - FUNDO SELADOR | C21: 88485 | D21: APLICAÇÃO DE FUNDO SELADOR ACRÍLICO EM PAREDES, UMA DEMÃO. AF_06/2014 | E21: m² | F21: 35.13 | G21: 2.25 | H21: 1.85 | I21: =SUM(G21:H21) -> 4.1 | J21: =G21*F21 -> 79.0425 | K21: =H21*F21 -> 64.9905 | L21: =I21*F21 -> 144.033 | M21: =L21*(1+$M$4) -> 181.51039
A22: 1.1.6 | B22: PINTURA ESMALTE: PAREDE (H=1,50m) | C22: 102220 | D22: PINTURA TINTA DE ACABAMENTO (PIGMENTADA) ESMALTE SINTÉTICO BRILHANTE EM MADEIRA, 2 DEMÃOS. AF_01/2021 | E22: m² | F22: 14.58 | G22: 8.29 | H22: 8.54 | I22: =SUM(G22:H22) -> 16.83 | J22: =G22*F22 -> 120.8682 | K22: =H22*F22 -> 124.5132 | L22: =I22*F22 -> 245.3814 | M22: =L22*(1+$M$4) -> 309.22964
A23: 1.1.7 | B23: PINTURA ACRILICO: PAREDE (H=1,65m) | C23: 88489 | D23: APLICAÇÃO MANUAL DE PINTURA COM TINTA LÁTEX ACRÍLICA EM PAREDES, DUAS DEMÃOS. AF_06/2014 | E23: m² | F23: 19.35 | G23: 8.13 | H23: 4.51 | I23: =SUM(G23:H23) -> 12.64 | J23: =G23*F23 -> 157.3155 | K23: =H23*F23 -> 87.2685 | L23: =I23*F23 -> 244.584 | M23: =L23*(1+$M$4) -> 308.22476
A25: 1.2 | D25: ESPERA | J25: =SUM(J26:J32) -> 5437.5714 | K25: =SUM(K26:K32) -> 1996.2723 | L25: =SUM(L26:L32) -> 7433.8437 | M25: =SUM(M26:M32) -> 9368.1299
A26: 1.2.1 | B26: REMOÇÃO: PISO | C26: 97633 | D26: DEMOLIÇÃO DE REVESTIMENTO CERÂMICO, DE FORMA MANUAL, SEM REAPROVEITAMENTO. AF_12/2017 | E26: m² | F26: 46.48 | G26: 7.5 | H26: 17.23 | I26: =SUM(G26:H26) -> 24.73 | J26: =G26*F26 -> 348.6 | K26: =H26*F26 -> 800.8504 | L26: =I26*F26 -> 1149.4504 | M26: =L26*(1+$M$4) -> 1448.5374
A27: 1.2.2 | B27: REGULARIZAÇÃO: PISO | C27: 87299 | D27: ARGAMASSA TRAÇO 1:3 (EM VOLUME DE CIMENTO E AREIA MÉDIA ÚMIDA) PARA CONTRAPISO, PREPARO MECÂNICO COM BETONEIRA 600 L. AF_08/2019 | E27: m³ | F27: 1.3944 | G27: 372.95 | H27: 66.6 | I27: =SUM(G27:H27) -> 439.55 | J27: =G27*F27 -> 520.04148 | K27: =H27*F27 -> 92.86704 | L27: =I27*F27 -> 612.90852 | M27: =L27*(1+$M$4) -> 772.38732
A28: 1.2.3 | B28: REVESTIMENTO: PISO | C28: 87257 | D28: REVESTIMENTO CERÂMICO PARA PISO COM PLACAS TIPO ESMALTADA EXTRA DE DIMENSÕES 60X60 CM APLICADA EM AMBIENTES DE ÁREA MAIOR QUE 10 M2. AF_06/2014 | E28: m² | F28: 46.48 | G28: 75.45 | H28: 8.62 | I28: =SUM(G28:H28) -> 84.07 | J28: =G28*F28 -> 3506.916 | K28: =H28*F28 -> 400.6576 | L28: =I28*F28 -> 3907.5736 | M28: =L28*(1+$M$4) -> 4924.3243
A29: 1.2.4 | B29: REVESTIMENTO: RODAPÉ (H=0,10cm) | C29: 87257 | D29: REVESTIMENTO CERÂMICO PARA PISO COM PLACAS TIPO ESMALTADA EXTRA DE DIMENSÕES 60X60 CM APLICADA EM AMBIENTES DE ÁREA MAIOR QUE 10 M2. AF_06/2014 | E29: m² | F29: 2.38 | G29: 75.45 | H29: 8.62 | I29: =SUM(G29:H29) -> 84.07 | J29: =G29*F29 -> 179.571 | K29: =H29*F29 -> 20.5156 | L29: =I29*F29 -> 200.0866 | M29: =L29*(1+$M$4) -> 252.14913
A30: 1.2.5 | B30: PINTURA: PAREDE - FUNDO SELADOR | C30: 88485 | D30: APLICAÇÃO DE FUNDO SELADOR ACRÍLICO EM PAREDES, UMA DEMÃO. AF_06/2014 | E30: m² | F30: 85 | G30: 2.25 | H30: 1.85 | I30: =SUM(G30:H30) -> 4.1 | J30: =G30*F30 -> 191.25 | K30: =H30*F30 -> 157.25 | L30: =I30*F30 -> 348.5 | M30: =L30*(1+$M$4) -> 439.1797
A31: 1.2.6 | B31: PINTURA ESMALTE: PAREDE (H=1,50m) | C31: 102220 | D31: PINTURA TINTA DE ACABAMENTO (PIGMENTADA) ESMALTE SINTÉTICO BRILHANTE EM MADEIRA, 2 DEMÃOS. AF_01/2021 | E31: m² | F31: 35.7 | G31: 8.29 | H31: 8.54 | I31: =SUM(G31:H31) -> 16.83 | J31: =G31*F31 -> 295.953 | K31: =H31*F31 -> 304.878 | L31: =I31*F31 -> 600.831 | M31: =L31*(1+$M$4) -> 757.16723
A32: 1.2.7 | B32: PINTURA ACRILICO: PAREDE (H=1,65m) | C32: 88489 | D32: APLICAÇÃO MANUAL DE PINTURA COM TINTA LÁTEX ACRÍLICA EM PAREDES, DUAS DEMÃOS. AF_06/2014 | E32: m² | F32: 48.615 | G32: 8.13 | H32: 4.51 | I32: =SUM(G32:H32) -> 12.64 | J32: =G32*F32 -> 395.23995 | K32: =H32*F32 -> 219.25365 | L32: =I32*F32 -> 614.4936 | M32: =L32*(1+$M$4) -> 774.38483
A34: 1.3 | D34: CIRCULAÇÃO 1 | J34: =SUM(J35:J41) -> 3340.5999 | K34: =SUM(K35:K41) -> 1318.9187 | L34: =SUM(L35:L41) -> 4659.5186 | M34: =SUM(M35:M41) -> 5871.9254
A35: 1.3.1 | B35: REMOÇÃO: PISO | C35: 97633 | D35: DEMOLIÇÃO DE REVESTIMENTO CERÂMICO, DE FORMA MANUAL, SEM REAPROVEITAMENTO. AF_12/2017 | E35: m² | F35: 25.88 | G35: 7.5 | H35: 17.23 | I35: =SUM(G35:H35) -> 24.73 | J35: =G35*F35 -> 194.1 | K35: =H35*F35 -> 445.9124 | L35: =I35*F35 -> 640.0124 | M35: =L35*(1+$M$4) -> 806.54363
A36: 1.3.2 | B36: REGULARIZAÇÃO: PISO | C36: 87299 | D36: ARGAMASSA TRAÇO 1:3 (EM VOLUME DE CIMENTO E AREIA MÉDIA ÚMIDA) PARA CONTRAPISO, PREPARO MECÂNICO COM BETONEIRA 600 L. AF_08/2019 | E36: m³ | F36: 0.7764 | G36: 372.95 | H36: 66.6 | I36: =SUM(G36:H36) -> 439.55 | J36: =G36*F36 -> 289.55838 | K36: =H36*F36 -> 51.70824 | L36: =I36*F36 -> 341.26662 | M36: =L36*(1+$M$4) -> 430.06419
A37: 1.3.3 | B37: REVESTIMENTO: PISO | C37: 87257 | D37: REVESTIMENTO CERÂMICO PARA PISO COM PLACAS TIPO ESMALTADA EXTRA DE DIMENSÕES 60X60 CM APLICADA EM AMBIENTES DE ÁREA MAIOR QUE 10 M2. AF_06/2014 | E37: m² | F37: 25.88 | G37: 75.45 | H37: 8.62 | I37: =SUM(G37:H37) -> 84.07 | J37: =G37*F37 -> 1952.646 | K37: =H37*F37 -> 223.0856 | L37: =I37*F37 -> 2175.7316 | M37: =L37*(1+$M$4) -> 2741.857
A38: 1.3.4 | B38: REVESTIMENTO: RODAPÉ (H=0,10cm) | C38: 87257 | D38: REVESTIMENTO CERÂMICO PARA PISO COM PLACAS TIPO ESMALTADA EXTRA DE DIMENSÕES 60X60 CM APLICADA EM AMBIENTES DE ÁREA MAIOR QUE 10 M2. AF_06/2014 | E38: m² | F38: 2.046 | G38: 75.45 | H38: 8.62 | I38: =SUM(G38:H38) -> 84.07 | J38: =G38*F38 -> 154.3707 | K38: =H38*F38 -> 17.63652 | L38: =I38*F38 -> 172.00722 | M38: =L38*(1+$M$4) -> 216.7635
A39: 1.3.5 | B39: PINTURA: PAREDE - FUNDO SELADOR | C39: 88485 | D39: APLICAÇÃO DE FUNDO SELADOR ACRÍLICO EM PAREDES, UMA DEMÃO. AF_06/2014 | E39: m² | F39: 72.5575 | G39: 2.25 | H39: 1.85 | I39: =SUM(G39:H39) -> 4.1 | J39: =G39*F39 -> 163.25438 | K39: =H39*F39 -> 134.23138 | L39: =I39*F39 -> 297.48575 | M39: =L39*(1+$M$4) -> 374.89154
A40: 1.3.6 | B40: PINTURA ESMALTE: PAREDE (H=1,50m) | C40: 102220 | D40: PINTURA TINTA DE ACABAMENTO (PIGMENTADA) ESMALTE SINTÉTICO BRILHANTE EM MADEIRA, 2 DEMÃOS. AF_01/2021 | E40: m² | F40: 30.675 | G40: 8.29 | H40: 8.54 | I40: =SUM(G40:H40) -> 16.83 | J40: =G40*F40 -> 254.29575 | K40: =H40*F40 -> 261.9645 | L40: =I40*F40 -> 516.26025 | M40: =L40*(1+$M$4) -> 650.59117
A41: 1.3.7 | B41: PINTURA ACRILICO: PAREDE (H=1,65m) | C41: 88489 | D41: APLICAÇÃO MANUAL DE PINTURA COM TINTA LÁTEX ACRÍLICA EM PAREDES, DUAS DEMÃOS. AF_06/2014 | E41: m² | F41: 40.8825 | G41: 8.13 | H41: 4.51 | I41: =SUM(G41:H41) -> 12.64 | J41: =G41*F41 -> 332.37473 | K41: =H41*F41 -> 184.38008 | L41: =I41*F41 -> 516.7548 | M41: =L41*(1+$M$4) -> 651.2144
A43: 1.4 | D43: CIRCULAÇÃO 2 | J43: =SUM(J44:J50) -> 2700.1314 | K43: =SUM(K44:K50) -> 1058.3236 | L43: =SUM(L44:L50) -> 3758.4549 | M43: =SUM(M44:M50) -> 4736.4049
A44: 1.4.1 | B44: REMOÇÃO: PISO | C44: 97633 | D44: DEMOLIÇÃO DE REVESTIMENTO CERÂMICO, DE FORMA MANUAL, SEM REAPROVEITAMENTO. AF_12/2017 | E44: m² | F44: 21.15 | G44: 7.5 | H44: 17.23 | I44: =SUM(G44:H44) -> 24.73 | J44: =G44*F44 -> 158.625 | K44: =H44*F44 -> 364.4145 | L44: =I44*F44 -> 523.0395 | M44: =L44*(1+$M$4) -> 659.13438
A45: 1.4.2 | B45: REGULARIZAÇÃO: PISO | C45: 87299 | D45: ARGAMASSA TRAÇO 1:3 (EM VOLUME DE CIMENTO E AREIA MÉDIA ÚMIDA) PARA CONTRAPISO, PREPARO MECÂNICO COM BETONEIRA 600 L. AF_08/2019 | E45: m³ | F45: 0.6345 | G45: 372.95 | H45: 66.6 | I45: =SUM(G45:H45) -> 439.55 | J45: =G45*F45 -> 236.63678 | K45: =H45*F45 -> 42.2577 | L45: =I45*F45 -> 278.89447 | M45: =L45*(1+$M$4) -> 351.46282
A46: 1.4.3 | B46: REVESTIMENTO: PISO | C46: 87257 | D46: REVESTIMENTO CERÂMICO PARA PISO COM PLACAS TIPO ESMALTADA EXTRA DE DIMENSÕES 60X60 CM APLICADA EM AMBIENTES DE ÁREA MAIOR QUE 10 M2. AF_06/2014 | E46: m² | F46: 21.15 | G46: 75.45 | H46: 8.62 | I46: =SUM(G46:H46) -> 84.07 | J46: =G46*F46 -> 1595.7675 | K46: =H46*F46 -> 182.313 | L46: =I46*F46 -> 1778.0805 | M46: =L46*(1+$M$4) -> 2240.737
A47: 1.4.4 | B47: REVESTIMENTO: RODAPÉ (H=0,10cm) | C47: 87257 | D47: REVESTIMENTO CERÂMICO PARA PISO COM PLACAS TIPO ESMALTADA EXTRA DE DIMENSÕES 60X60 CM APLICADA EM AMBIENTES DE ÁREA MAIOR QUE 10 M2. AF_06/2014 | E47: m² | F47: 1.634 | G47: 75.45 | H47: 8.62 | I47: =SUM(G47:H47) -> 84.07 | J47: =G47*F47 -> 123.2853 | K47: =H47*F47 -> 14.08508 | L47: =I47*F47 -> 137.37038 | M47: =L47*(1+$M$4) -> 173.11415
A48: 1.4.5 | B48: PINTURA: PAREDE - FUNDO SELADOR | C48: 88485 | D48: APLICAÇÃO DE FUNDO SELADOR ACRÍLICO EM PAREDES, UMA DEMÃO. AF_06/2014 | E48: m² | F48: 56.0595 | G48: 2.25 | H48: 1.85 | I48: =SUM(G48:H48) -> 4.1 | J48: =G48*F48 -> 126.13388 | K48: =H48*F48 -> 103.71008 | L48: =I48*F48 -> 229.84395 | M48: =L48*(1+$M$4) -> 289.64935
A49: 1.4.6 | B49: PINTURA ESMALTE: PAREDE (H=1,50m) | C49: 102220 | D49: PINTURA TINTA DE ACABAMENTO (PIGMENTADA) ESMALTE SINTÉTICO BRILHANTE EM MADEIRA, 2 DEMÃOS. AF_01/2021 | E49: m² | F49: 24.495 | G49: 8.29 | H49: 8.54 | I49: =SUM(G49:H49) -> 16.83 | J49: =G49*F49 -> 203.06355 | K49: =H49*F49 -> 209.1873 | L49: =I49*F49 -> 412.25085 | M49: =L49*(1+$M$4) -> 519.51852
A50: 1.4.7 | B50: PINTURA ACRILICO: PAREDE (H=1,65m) | C50: 88489 | D50: APLICAÇÃO MANUAL DE PINTURA COM TINTA LÁTEX ACRÍLICA EM PAREDES, DUAS DEMÃOS. AF_06/2014 | E50: m² | F50: 31.5645 | G50: 8.13 | H50: 4.51 | I50: =SUM(G50:H50) -> 12.64 | J50: =G50*F50 -> 256.61939 | K50: =H50*F50 -> 142.3559 | L50: =I50*F50 -> 398.97528 | M50: =L50*(1+$M$4) -> 502.78865
A52: 1.5 | D52: CIRCULAÇÃO 3 | J52: =SUM(J53:J59) -> 3515.4106 | K52: =SUM(K53:K59) -> 1388.4204 | L52: =SUM(L53:L59) -> 4903.831 | M52: =SUM(M53:M59) -> 6179.8078
A53: 1.5.1 | B53: REMOÇÃO: PISO | C53: 97633 | D53: DEMOLIÇÃO DE REVESTIMENTO CERÂMICO, DE FORMA MANUAL, SEM REAPROVEITAMENTO. AF_12/2017 | E53: m² | F53: 27.24 | G53: 7.5 | H53: 17.23 | I53: =SUM(G53:H53) -> 24.73 | J53: =G53*F53 -> 204.3 | K53: =H53*F53 -> 469.3452 | L53: =I53*F53 -> 673.6452 | M53: =L53*(1+$M$4) -> 848.92768
A54: 1.5.2 | B54: REGULARIZAÇÃO: PISO | C54: 87299 | D54: ARGAMASSA TRAÇO 1:3 (EM VOLUME DE CIMENTO E AREIA MÉDIA ÚMIDA) PARA CONTRAPISO, PREPARO MECÂNICO COM BETONEIRA 600 L. AF_08/2019 | E54: m³ | F54: 0.8172 | G54: 372.95 | H54: 66.6 | I54: =SUM(G54:H54) -> 439.55 | J54: =G54*F54 -> 304.77474 | K54: =H54*F54 -> 54.42552 | L54: =I54*F54 -> 359.20026 | M54: =L54*(1+$M$4) -> 452.66417
A55: 1.5.3 | B55: REVESTIMENTO: PISO | C55: 87257 | D55: REVESTIMENTO CERÂMICO PARA PISO COM PLACAS TIPO ESMALTADA EXTRA DE DIMENSÕES 60X60 CM APLICADA EM AMBIENTES DE ÁREA MAIOR QUE 10 M2. AF_06/2014 | E55: m² | F55: 27.24 | G55: 75.45 | H55: 8.62 | I55: =SUM(G55:H55) -> 84.07 | J55: =G55*F55 -> 2055.258 | K55: =H55*F55 -> 234.8088 | L55: =I55*F55 -> 2290.0668 | M55: =L55*(1+$M$4) -> 2885.9422
A56: 1.5.4 | B56: REVESTIMENTO: RODAPÉ (H=0,10cm) | C56: 87257 | D56: REVESTIMENTO CERÂMICO PARA PISO COM PLACAS TIPO ESMALTADA EXTRA DE DIMENSÕES 60X60 CM APLICADA EM AMBIENTES DE ÁREA MAIOR QUE 10 M2. AF_06/2014 | E56: m² | F56: 2.204 | G56: 75.45 | H56: 8.62 | I56: =SUM(G56:H56) -> 84.07 | J56: =G56*F56 -> 166.2918 | K56: =H56*F56 -> 18.99848 | L56: =I56*F56 -> 185.29028 | M56: =L56*(1+$M$4) -> 233.50281
A57: 1.5.5 | B57: PINTURA: PAREDE - FUNDO SELADOR | C57: 88485 | D57: APLICAÇÃO DE FUNDO SELADOR ACRÍLICO EM PAREDES, UMA DEMÃO. AF_06/2014 | E57: m² | F57: 75.096 | G57: 2.25 | H57: 1.85 | I57: =SUM(G57:H57) -> 4.1 | J57: =G57*F57 -> 168.966 | K57: =H57*F57 -> 138.9276 | L57: =I57*F57 -> 307.8936 | M57: =L57*(1+$M$4) -> 388.00751
A58: 1.5.6 | B58: PINTURA ESMALTE: PAREDE (H=1,50m) | C58: 102220 | D58: PINTURA TINTA DE ACABAMENTO (PIGMENTADA) ESMALTE SINTÉTICO BRILHANTE EM MADEIRA, 2 DEMÃOS. AF_01/2021 | E58: m² | F58: 33.06 | G58: 8.29 | H58: 8.54 | I58: =SUM(G58:H58) -> 16.83 | J58: =G58*F58 -> 274.0674 | K58: =H58*F58 -> 282.3324 | L58: =I58*F58 -> 556.3998 | M58: =L58*(1+$M$4) -> 701.17503
A59: 1.5.7 | B59: PINTURA ACRILICO: PAREDE (H=1,65m) | C59: 88489 | D59: APLICAÇÃO MANUAL DE PINTURA COM TINTA LÁTEX ACRÍLICA EM PAREDES, DUAS DEMÃOS. AF_06/2014 | E59: m² | F59: 42.036 | G59: 8.13 | H59: 4.51 | I59: =SUM(G59:H59) -> 12.64 | J59: =G59*F59 -> 341.75268 | K59: =H59*F59 -> 189.58236 | L59: =I59*F59 -> 531.33504 | M59: =L59*(1+$M$4) -> 669.58842
A61: 1.6 | D61: CIRCULAÇÃO 4 | J61: =SUM(J62:J68) -> 3053.9221 | K61: =SUM(K62:K68) -> 1328.9633 | L61: =SUM(L62:L68) -> 4382.8855 | M61: =SUM(M62:M68) -> 5523.3123
A62: 1.6.1 | B62: REMOÇÃO: PISO | C62: 97633 | D62: DEMOLIÇÃO DE REVESTIMENTO CERÂMICO, DE FORMA MANUAL, SEM REAPROVEITAMENTO. AF_12/2017 | E62: m² | F62: 20.1 | G62: 7.5 | H62: 17.23 | I62: =SUM(G62:H62) -> 24.73 | J62: =G62*F62 -> 150.75 | K62: =H62*F62 -> 346.323 | L62: =I62*F62 -> 497.073 | M62: =L62*(1+$M$4) -> 626.41139
A63: 1.6.2 | B63: REGULARIZAÇÃO: PISO | C63: 87299 | D63: ARGAMASSA TRAÇO 1:3 (EM VOLUME DE CIMENTO E AREIA MÉDIA ÚMIDA) PARA CONTRAPISO, PREPARO MECÂNICO COM BETONEIRA 600 L. AF_08/2019 | E63: m³ | F63: 0.603 | G63: 372.95 | H63: 66.6 | I63: =SUM(G63:H63) -> 439.55 | J63: =G63*F63 -> 224.88885 | K63: =H63*F63 -> 40.1598 | L63: =I63*F63 -> 265.04865 | M63: =L63*(1+$M$4) -> 334.01431
A64: 1.6.3 | B64: REVESTIMENTO: PISO | C64: 87257 | D64: REVESTIMENTO CERÂMICO PARA PISO COM PLACAS TIPO ESMALTADA EXTRA DE DIMENSÕES 60X60 CM APLICADA EM AMBIENTES DE ÁREA MAIOR QUE 10 M2. AF_06/2014 | E64: m² | F64: 20.1 | G64: 75.45 | H64: 8.62 | I64: =SUM(G64:H64) -> 84.07 | J64: =G64*F64 -> 1516.545 | K64: =H64*F64 -> 173.262 | L64: =I64*F64 -> 1689.807 | M64: =L64*(1+$M$4) -> 2129.4948
A65: 1.6.4 | B65: REVESTIMENTO: RODAPÉ (H=0,10cm) | C65: 87257 | D65: REVESTIMENTO CERÂMICO PARA PISO COM PLACAS TIPO ESMALTADA EXTRA DE DIMENSÕES 60X60 CM APLICADA EM AMBIENTES DE ÁREA MAIOR QUE 10 M2. AF_06/2014 | E65: m² | F65: 2.685 | G65: 75.45 | H65: 8.62 | I65: =SUM(G65:H65) -> 84.07 | J65: =G65*F65 -> 202.58325 | K65: =H65*F65 -> 23.1447 | L65: =I65*F65 -> 225.72795 | M65: =L65*(1+$M$4) -> 284.46236
A66: 1.6.5 | B66: PINTURA: PAREDE - FUNDO SELADOR | C66: 88485 | D66: APLICAÇÃO DE FUNDO SELADOR ACRÍLICO EM PAREDES, UMA DEMÃO. AF_06/2014 | E66: m² | F66: 91.8225 | G66: 2.25 | H66: 1.85 | I66: =SUM(G66:H66) -> 4.1 | J66: =G66*F66 -> 206.60063 | K66: =H66*F66 -> 169.87162 | L66: =I66*F66 -> 376.47225 | M66: =L66*(1+$M$4) -> 474.43033
A67: 1.6.6 | B67: PINTURA ESMALTE: PAREDE (H=1,50m) | C67: 102220 | D67: PINTURA TINTA DE ACABAMENTO (PIGMENTADA) ESMALTE SINTÉTICO BRILHANTE EM MADEIRA, 2 DEMÃOS. AF_01/2021 | E67: m² | F67: 40.275 | G67: 8.29 | H67: 8.54 | I67: =SUM(G67:H67) -> 16.83 | J67: =G67*F67 -> 333.87975 | K67: =H67*F67 -> 343.9485 | L67: =I67*F67 -> 677.82825 | M67: =L67*(1+$M$4) -> 854.19916
A68: 1.6.7 | B68: PINTURA ACRILICO: PAREDE (H=1,65m) | C68: 88489 | D68: APLICAÇÃO MANUAL DE PINTURA COM TINTA LÁTEX ACRÍLICA EM PAREDES, DUAS DEMÃOS. AF_06/2014 | E68: m² | F68: 51.4975 | G68: 8.13 | H68: 4.51 | I68: =SUM(G68:H68) -> 12.64 | J68: =G68*F68 -> 418.67467 | K68: =H68*F68 -> 232.25373 | L68: =I68*F68 -> 650.9284 | M68: =L68*(1+$M$4) -> 820.29997
A70: 2 | D70: SECRETARIA | J70: =J72 -> 1712.3985 | K70: =K72 -> 696.12234 | L70: =L72 -> 2408.5208 | M70: =M72 -> 3035.2179 | N70: =M70 -> 3035.2179
A72: 2.1 | D72: TROCA DE PISO | J72: =SUM(J73:J79) -> 1712.3985 | K72: =SUM(K73:K79) -> 696.12234 | L72: =SUM(L73:L79) -> 2408.5208 | M72: =SUM(M73:M79) -> 3035.2179
A73: 2.1.1 | B73: REMOÇÃO: PISO | C73: 97633 | D73: DEMOLIÇÃO DE REVESTIMENTO CERÂMICO, DE FORMA MANUAL, SEM REAPROVEITAMENTO. AF_12/2017 | E73: m² | F73: 12.75 | G73: 7.5 | H73: 17.23 | I73: =SUM(G73:H73) -> 24.73 | J73: =G73*F73 -> 95.625 | K73: =H73*F73 -> 219.6825 | L73: =I73*F73 -> 315.3075 | M73: =L73*(1+$M$4) -> 397.35051
A74: 2.1.2 | B74: REGULARIZAÇÃO: PISO | C74: 87299 | D74: ARGAMASSA TRAÇO 1:3 (EM VOLUME DE CIMENTO E AREIA MÉDIA ÚMIDA) PARA CONTRAPISO, PREPARO MECÂNICO COM BETONEIRA 600 L. AF_08/2019 | E74: m³ | F74: 0.3825 | G74: 372.95 | H74: 66.6 | I74: =SUM(G74:H74) -> 439.55 | J74: =G74*F74 -> 142.65338 | K74: =H74*F74 -> 25.4745 | L74: =I74*F74 -> 168.12787 | M74: =L74*(1+$M$4) -> 211.87475
A75: 2.1.3 | B75: REVESTIMENTO: PISO | C75: 87257 | D75: REVESTIMENTO CERÂMICO PARA PISO COM PLACAS TIPO ESMALTADA EXTRA DE DIMENSÕES 60X60 CM APLICADA EM AMBIENTES DE ÁREA MAIOR QUE 10 M2. AF_06/2014 | E75: m² | F75: 12.75 | G75: 75.45 | H75: 8.62 | I75: =SUM(G75:H75) -> 84.07 | J75: =G75*F75 -> 961.9875 | K75: =H75*F75 -> 109.905 | L75: =I75*F75 -> 1071.8925 | M75: =L75*(1+$M$4) -> 1350.7989
A76: 2.1.4 | B76: REVESTIMENTO: RODAPÉ (H=0,10cm) | C76: 87257 | D76: REVESTIMENTO CERÂMICO PARA PISO COM PLACAS TIPO ESMALTADA EXTRA DE DIMENSÕES 60X60 CM APLICADA EM AMBIENTES DE ÁREA MAIOR QUE 10 M2. AF_06/2014 | E76: m² | F76: 1.276 | G76: 75.45 | H76: 8.62 | I76: =SUM(G76:H76) -> 84.07 | J76: =G76*F76 -> 96.2742 | K76: =H76*F76 -> 10.99912 | L76: =I76*F76 -> 107.27332 | M76: =L76*(1+$M$4) -> 135.18584
A77: 2.1.5 | B77: PINTURA: PAREDE - FUNDO SELADOR | C77: 88485 | D77: APLICAÇÃO DE FUNDO SELADOR ACRÍLICO EM PAREDES, UMA DEMÃO. AF_06/2014 | E77: m² | F77: 39.7684 | G77: 2.25 | H77: 1.85 | I77: =SUM(G77:H77) -> 4.1 | J77: =G77*F77 -> 89.4789 | K77: =H77*F77 -> 73.57154 | L77: =I77*F77 -> 163.05044 | M77: =L77*(1+$M$4) -> 205.47616
A78: 2.1.6 | B78: PINTURA ESMALTE: PAREDE (H=1,50m) | C78: 102220 | D78: PINTURA TINTA DE ACABAMENTO (PIGMENTADA) ESMALTE SINTÉTICO BRILHANTE EM MADEIRA, 2 DEMÃOS. AF_01/2021 | E78: m² | F78: 19.14 | G78: 8.29 | H78: 8.54 | I78: =SUM(G78:H78) -> 16.83 | J78: =G78*F78 -> 158.6706 | K78: =H78*F78 -> 163.4556 | L78: =I78*F78 -> 322.1262 | M78: =L78*(1+$M$4) -> 405.94344
A79: 2.1.7 | B79: PINTURA ACRILICO: PAREDE (H=1,65m) | C79: 88489 | D79: APLICAÇÃO MANUAL DE PINTURA COM TINTA LÁTEX ACRÍLICA EM PAREDES, DUAS DEMÃOS. AF_06/2014 | E79: m² | F79: 20.6284 | G79: 8.13 | H79: 4.51 | I79: =SUM(G79:H79) -> 12.64 | J79: =G79*F79 -> 167.70889 | K79: =H79*F79 -> 93.034084 | L79: =I79*F79 -> 260.74298 | M79: =L79*(1+$M$4) -> 328.5883
A81: 3 | D81: DIRETORIA | J81: =J83 -> 1711.5943 | K81: =K83 -> 701.9414 | L81: =L83 -> 2413.5357 | M81: =M83 -> 3041.5377 | N81: =M81 -> 3041.5377
A83: 3.1 | D83: TROCA DE PISO | J83: =SUM(J84:J90) -> 1711.5943 | K83: =SUM(K84:K90) -> 701.9414 | L83: =SUM(L84:L90) -> 2413.5357 | M83: =SUM(M84:M90) -> 3041.5377
A84: 3.1.1 | B84: REMOÇÃO: PISO | C84: 97633 | D84: DEMOLIÇÃO DE REVESTIMENTO CERÂMICO, DE FORMA MANUAL, SEM REAPROVEITAMENTO. AF_12/2017 | E84: m² | F84: 12.59 | G84: 7.5 | H84: 17.23 | I84: =SUM(G84:H84) -> 24.73 | J84: =G84*F84 -> 94.425 | K84: =H84*F84 -> 216.9257 | L84: =I84*F84 -> 311.3507 | M84: =L84*(1+$M$4) -> 392.36415
A85: 3.1.2 | B85: REGULARIZAÇÃO: PISO | C85: 87299 | D85: ARGAMASSA TRAÇO 1:3 (EM VOLUME DE CIMENTO E AREIA MÉDIA ÚMIDA) PARA CONTRAPISO, PREPARO MECÂNICO COM BETONEIRA 600 L. AF_08/2019 | E85: m³ | F85: 0.3777 | G85: 372.95 | H85: 66.6 | I85: =SUM(G85:H85) -> 439.55 | J85: =G85*F85 -> 140.86321 | K85: =H85*F85 -> 25.15482 | L85: =I85*F85 -> 166.01803 | M85: =L85*(1+$M$4) -> 209.21593
A86: 3.1.3 | B86: REVESTIMENTO: PISO | C86: 87257 | D86: REVESTIMENTO CERÂMICO PARA PISO COM PLACAS TIPO ESMALTADA EXTRA DE DIMENSÕES 60X60 CM APLICADA EM AMBIENTES DE ÁREA MAIOR QUE 10 M2. AF_06/2014 | E86: m² | F86: 12.59 | G86: 75.45 | H86: 8.62 | I86: =SUM(G86:H86) -> 84.07 | J86: =G86*F86 -> 949.9155 | K86: =H86*F86 -> 108.5258 | L86: =I86*F86 -> 1058.4413 | M86: =L86*(1+$M$4) -> 1333.8477
A87: 3.1.4 | B87: REVESTIMENTO: RODAPÉ (H=0,10cm) | C87: 87257 | D87: REVESTIMENTO CERÂMICO PARA PISO COM PLACAS TIPO ESMALTADA EXTRA DE DIMENSÕES 60X60 CM APLICADA EM AMBIENTES DE ÁREA MAIOR QUE 10 M2. AF_06/2014 | E87: m² | F87: 1.348 | G87: 75.45 | H87: 8.62 | I87: =SUM(G87:H87) -> 84.07 | J87: =G87*F87 -> 101.7066 | K87: =H87*F87 -> 11.61976 | L87: =I87*F87 -> 113.32636 | M87: =L87*(1+$M$4) -> 142.81388
A88: 3.1.5 | B88: PINTURA: PAREDE - FUNDO SELADOR | C88: 88485 | D88: APLICAÇÃO DE FUNDO SELADOR ACRÍLICO EM PAREDES, UMA DEMÃO. AF_06/2014 | E88: m² | F88: 40.602 | G88: 2.25 | H88: 1.85 | I88: =SUM(G88:H88) -> 4.1 | J88: =G88*F88 -> 91.3545 | K88: =H88*F88 -> 75.1137 | L88: =I88*F88 -> 166.4682 | M88: =L88*(1+$M$4) -> 209.78323
A89: 3.1.6 | B89: PINTURA ESMALTE: PAREDE (H=1,50m) | C89: 102220 | D89: PINTURA TINTA DE ACABAMENTO (PIGMENTADA) ESMALTE SINTÉTICO BRILHANTE EM MADEIRA, 2 DEMÃOS. AF_01/2021 | E89: m² | F89: 20.22 | G89: 8.29 | H89: 8.54 | I89: =SUM(G89:H89) -> 16.83 | J89: =G89*F89 -> 167.6238 | K89: =H89*F89 -> 172.6788 | L89: =I89*F89 -> 340.3026 | M89: =L89*(1+$M$4) -> 428.84934
A90: 3.1.7 | B90: PINTURA ACRILICO: PAREDE (H=1,65m) | C90: 88489 | D90: APLICAÇÃO MANUAL DE PINTURA COM TINTA LÁTEX ACRÍLICA EM PAREDES, DUAS DEMÃOS. AF_06/2014 | E90: m² | F90: 20.382 | G90: 8.13 | H90: 4.51 | I90: =SUM(G90:H90) -> 12.64 | J90: =G90*F90 -> 165.70566 | K90: =H90*F90 -> 91.92282 | L90: =I90*F90 -> 257.62848 | M90: =L90*(1+$M$4) -> 324.66341
A92: 4 | D92: FARMÁCIA | J92: =J94 -> 3461.855 | K92: =K94 -> 1416.6022 | L92: =L94 -> 4878.4572 | M92: =M94 -> 6147.8318 | N92: =M92 -> 6147.8318
A94: 4.1 | D94: TROCA DE PISO | J94: =SUM(J95:J101) -> 3461.855 | K94: =SUM(K95:K101) -> 1416.6022 | L94: =SUM(L95:L101) -> 4878.4572 | M94: =SUM(M95:M101) -> 6147.8318
A95: 3.1.1 | B95: REMOÇÃO: PISO | C95: 97633 | D95: DEMOLIÇÃO DE REVESTIMENTO CERÂMICO, DE FORMA MANUAL, SEM REAPROVEITAMENTO. AF_12/2017 | E95: m² | F95: 25.59 | G95: 7.5 | H95: 17.23 | I95: =SUM(G95:H95) -> 24.73 | J95: =G95*F95 -> 191.925 | K95: =H95*F95 -> 440.9157 | L95: =I95*F95 -> 632.8407 | M95: =L95*(1+$M$4) -> 797.50585
A96: 3.1.2 | B96: REGULARIZAÇÃO: PISO | C96: 87299 | D96: ARGAMASSA TRAÇO 1:3 (EM VOLUME DE CIMENTO E AREIA MÉDIA ÚMIDA) PARA CONTRAPISO, PREPARO MECÂNICO COM BETONEIRA 600 L. AF_08/2019 | E96: m³ | F96: 0.7677 | G96: 372.95 | H96: 66.6 | I96: =SUM(G96:H96) -> 439.55 | J96: =G96*F96 -> 286.31372 | K96: =H96*F96 -> 51.12882 | L96: =I96*F96 -> 337.44254 | M96: =L96*(1+$M$4) -> 425.24508
A97: 3.1.3 | B97: REVESTIMENTO: PISO | C97: 87257 | D97: REVESTIMENTO CERÂMICO PARA PISO COM PLACAS TIPO ESMALTADA EXTRA DE DIMENSÕES 60X60 CM APLICADA EM AMBIENTES DE ÁREA MAIOR QUE 10 M2. AF_06/2014 | E97: m² | F97: 25.59 | G97: 75.45 | H97: 8.62 | I97: =SUM(G97:H97) -> 84.07 | J97: =G97*F97 -> 1930.7655 | K97: =H97*F97 -> 220.5858 | L97: =I97*F97 -> 2151.3513 | M97: =L97*(1+$M$4) -> 2711.1329
A98: 3.1.4 | B98: REVESTIMENTO: RODAPÉ (H=0,10cm) | C98: 87257 | D98: REVESTIMENTO CERÂMICO PARA PISO COM PLACAS TIPO ESMALTADA EXTRA DE DIMENSÕES 60X60 CM APLICADA EM AMBIENTES DE ÁREA MAIOR QUE 10 M2. AF_06/2014 | E98: m² | F98: 2.639 | G98: 75.45 | H98: 8.62 | I98: =SUM(G98:H98) -> 84.07 | J98: =G98*F98 -> 199.11255 | K98: =H98*F98 -> 22.74818 | L98: =I98*F98 -> 221.86073 | M98: =L98*(1+$M$4) -> 279.58889
A99: 3.1.5 | B99: PINTURA: PAREDE - FUNDO SELADOR | C99: 88485 | D99: APLICAÇÃO DE FUNDO SELADOR ACRÍLICO EM PAREDES, UMA DEMÃO. AF_06/2014 | E99: m² | F99: 81.6285 | G99: 2.25 | H99: 1.85 | I99: =SUM(G99:H99) -> 4.1 | J99: =G99*F99 -> 183.66413 | K99: =H99*F99 -> 151.01272 | L99: =I99*F99 -> 334.67685 | M99: =L99*(1+$M$4) -> 421.75977
A100: 3.1.6 | B100: PINTURA ESMALTE: PAREDE (H=1,50m) | C100: 102220 | D100: PINTURA TINTA DE ACABAMENTO (PIGMENTADA) ESMALTE SINTÉTICO BRILHANTE EM MADEIRA, 2 DEMÃOS. AF_01/2021 | E100: m² | F100: 40.215 | G100: 8.29 | H100: 8.54 | I100: =SUM(G100:H100) -> 16.83 | J100: =G100*F100 -> 333.38235 | K100: =H100*F100 -> 343.4361 | L100: =I100*F100 -> 676.81845 | M100: =L100*(1+$M$4) -> 852.92661
A101: 3.1.7 | B101: PINTURA ACRILICO: PAREDE (H=1,65m) | C101: 88489 | D101: APLICAÇÃO MANUAL DE PINTURA COM TINTA LÁTEX ACRÍLICA EM PAREDES, DUAS DEMÃOS. AF_06/2014 | E101: m² | F101: 41.4135 | G101: 8.13 | H101: 4.51 | I101: =SUM(G101:H101) -> 12.64 | J101: =G101*F101 -> 336.69176 | K101: =H101*F101 -> 186.77489 | L101: =I101*F101 -> 523.46664 | M101: =L101*(1+$M$4) -> 659.67266
A103: 5 | D103: CLÍNICAS | J103: =J105+J115+J124 -> 6654.4415 | K103: =K105+K115+K124 -> 2683.294 | L103: =L105+L115+L124 -> 9337.7355 | M103: =M105+M115+M124 -> 11767.414 | N103: =M103 -> 11767.414
A105: 5.1 | D105: CLINICA 1 | J105: =SUM(J106:J113) -> 2658.6559 | K105: =SUM(K106:K113) -> 1036.3622 | L105: =SUM(L106:L113) -> 3695.0181 | M105: =SUM(M106:M113) -> 4656.4618
A106: 5.1.1 | B106: REMOÇÃO: PISO | C106: 97633 | D106: DEMOLIÇÃO DE REVESTIMENTO CERÂMICO, DE FORMA MANUAL, SEM REAPROVEITAMENTO. AF_12/2017 | E106: m² | F106: 20.94 | G106: 7.5 | H106: 17.23 | I106: =SUM(G106:H106) -> 24.73 | J106: =G106*F106 -> 157.05 | K106: =H106*F106 -> 360.7962 | L106: =I106*F106 -> 517.8462 | M106: =L106*(1+$M$4) -> 652.58978
A107: 5.1.2 | B107: COMPACTAÇÃO: PISO | C107: 96385 | D107: EXECUÇÃO E COMPACTAÇÃO DE ATERRO COM SOLO PREDOMINANTEMENTE ARGILOSO - EXCLUSIVE SOLO, ESCAVAÇÃO, CARGA E TRANSPORTE. AF_11/2019 | E107: m³ | F107: 0.63 | G107: 9.1 | H107: 2.77 | I107: =SUM(G107:H107) -> 11.87 | J107: =G107*F107 -> 5.733 | K107: =H107*F107 -> 1.7451 | L107: =I107*F107 -> 7.4781 | M107: =L107*(1+$M$4) -> 9.4239016
A108: 5.1.3 | B108: REGULARIZAÇÃO: PISO | C108: 87299 | D108: ARGAMASSA TRAÇO 1:3 (EM VOLUME DE CIMENTO E AREIA MÉDIA ÚMIDA) PARA CONTRAPISO, PREPARO MECÂNICO COM BETONEIRA 600 L. AF_08/2020 | E108: m³ | F108: 0.6282 | G108: 372.95 | H108: 66.6 | I108: =SUM(G108:H108) -> 439.55 | J108: =G108*F108 -> 234.28719 | K108: =H108*F108 -> 41.83812 | L108: =I108*F108 -> 276.12531 | M108: =L108*(1+$M$4) -> 347.97312
A109: 5.1.4 | B109: REVESTIMENTO: PISO | C109: 87257 | D109: REVESTIMENTO CERÂMICO PARA PISO COM PLACAS TIPO ESMALTADA EXTRA DE DIMENSÕES 60X60 CM APLICADA EM AMBIENTES DE ÁREA MAIOR QUE 10 M2. AF_06/2014 | E109: m² | F109: 20.94 | G109: 75.45 | H109: 8.62 | I109: =SUM(G109:H109) -> 84.07 | J109: =G109*F109 -> 1579.923 | K109: =H109*F109 -> 180.5028 | L109: =I109*F109 -> 1760.4258 | M109: =L109*(1+$M$4) -> 2218.4886
A110: 5.1.5 | B110: REVESTIMENTO: RODAPÉ (H=0,10cm) | C110: 87257 | D110: REVESTIMENTO CERÂMICO PARA PISO COM PLACAS TIPO ESMALTADA EXTRA DE DIMENSÕES 60X60 CM APLICADA EM AMBIENTES DE ÁREA MAIOR QUE 10 M2. AF_06/2014 | E110: m² | F110: 1.764 | G110: 75.45 | H110: 8.62 | I110: =SUM(G110:H110) -> 84.07 | J110: =G110*F110 -> 133.0938 | K110: =H110*F110 -> 15.20568 | L110: =I110*F110 -> 148.29948 | M110: =L110*(1+$M$4) -> 186.887
A111: 5.1.6 | B111: PINTURA: PAREDE - FUNDO SELADOR | C111: 88485 | D111: APLICAÇÃO DE FUNDO SELADOR ACRÍLICO EM PAREDES, UMA DEMÃO. AF_06/2014 | E111: m² | F111: 52.456 | G111: 2.25 | H111: 1.85 | I111: =SUM(G111:H111) -> 4.1 | J111: =G111*F111 -> 118.026 | K111: =H111*F111 -> 97.0436 | L111: =I111*F111 -> 215.0696 | M111: =L111*(1+$M$4) -> 271.03071
A112: 5.1.7 | B112: PINTURA ESMALTE: PAREDE (H=1,50m) | C112: 102220 | D112: PINTURA TINTA DE ACABAMENTO (PIGMENTADA) ESMALTE SINTÉTICO BRILHANTE EM MADEIRA, 2 DEMÃOS. AF_01/2021 | E112: m² | F112: 25.4725 | G112: 8.29 | H112: 8.54 | I112: =SUM(G112:H112) -> 16.83 | J112: =G112*F112 -> 211.16702 | K112: =H112*F112 -> 217.53515 | L112: =I112*F112 -> 428.70218 | M112: =L112*(1+$M$4) -> 540.25048
A113: 5.1.8 | B113: PINTURA ACRILICO: PAREDE (H=1,65m) | C113: 88489 | D113: APLICAÇÃO MANUAL DE PINTURA COM TINTA LÁTEX ACRÍLICA EM PAREDES, DUAS DEMÃOS. AF_06/2014 | E113: m² | F113: 26.9835 | G113: 8.13 | H113: 4.51 | I113: =SUM(G113:H113) -> 12.64 | J113: =G113*F113 -> 219.37586 | K113: =H113*F113 -> 121.69558 | L113: =I113*F113 -> 341.07144 | M113: =L113*(1+$M$4) -> 429.81823
A115: 5.2 | D115: CLINICA 2 | J115: =SUM(J116:J122) -> 1632.9363 | K115: =SUM(K116:K122) -> 674.54172 | L115: =SUM(L116:L122) -> 2307.478 | M115: =SUM(M116:M122) -> 2907.8838
A116: 5.2.1 | B116: REMOÇÃO: PISO | C116: 97633 | D116: DEMOLIÇÃO DE REVESTIMENTO CERÂMICO, DE FORMA MANUAL, SEM REAPROVEITAMENTO. AF_12/2017 | E116: m² | F116: 11.87 | G116: 7.5 | H116: 17.23 | I116: =SUM(G116:H116) -> 24.73 | J116: =G116*F116 -> 89.025 | K116: =H116*F116 -> 204.5201 | L116: =I116*F116 -> 293.5451 | M116: =L116*(1+$M$4) -> 369.92554
A117: 5.2.2 | B117: REGULARIZAÇÃO: PISO | C117: 87299 | D117: ARGAMASSA TRAÇO 1:3 (EM VOLUME DE CIMENTO E AREIA MÉDIA ÚMIDA) PARA CONTRAPISO, PREPARO MECÂNICO COM BETONEIRA 600 L. AF_08/2020 | E117: m³ | F117: 0.3561 | G117: 372.95 | H117: 66.6 | I117: =SUM(G117:H117) -> 439.55 | J117: =G117*F117 -> 132.80749 | K117: =H117*F117 -> 23.71626 | L117: =I117*F117 -> 156.52375 | M117: =L117*(1+$M$4) -> 197.25124
A118: 5.2.3 | B118: REVESTIMENTO: PISO | C118: 87257 | D118: REVESTIMENTO CERÂMICO PARA PISO COM PLACAS TIPO ESMALTADA EXTRA DE DIMENSÕES 60X60 CM APLICADA EM AMBIENTES DE ÁREA MAIOR QUE 10 M2. AF_06/2014 | E118: m² | F118: 11.87 | G118: 75.45 | H118: 8.62 | I118: =SUM(G118:H118) -> 84.07 | J118: =G118*F118 -> 895.5915 | K118: =H118*F118 -> 102.3194 | L118: =I118*F118 -> 997.9109 | M118: =L118*(1+$M$4) -> 1257.5673
A119: 5.2.4 | B119: REVESTIMENTO: RODAPÉ (H=0,10cm) | C119: 87257 | D119: REVESTIMENTO CERÂMICO PARA PISO COM PLACAS TIPO ESMALTADA EXTRA DE DIMENSÕES 60X60 CM APLICADA EM AMBIENTES DE ÁREA MAIOR QUE 10 M2. AF_06/2014 | E119: m² | F119: 1.316 | G119: 75.45 | H119: 8.62 | I119: =SUM(G119:H119) -> 84.07 | J119: =G119*F119 -> 99.2922 | K119: =H119*F119 -> 11.34392 | L119: =I119*F119 -> 110.63612 | M119: =L119*(1+$M$4) -> 139.42364
...

Sheet CRONOGRAMA
D3: UNIVERSIDADE ESTADUAL DO NORTE DO PARANÁ
D4: CNPJ: 08.885.100/0001-54
D5: OBRA: ADEQUAÇÕES NO HOSPITAL VETERINÁRIO - CLM
D6: Local: Campus Luiz Meneghel
D7: Data do orçamento: MAIO/2025
D8: REFERÊNCIA DE PREÇOS : SINAPI_03/2025
D9: RESP.TÉCNICO: ARQ. AMANDA ALVES DA SILVA - CAU A145.438-3
A11: CRONOGRAMA FÍSICO-FINANCEIRO
B12: SERVIÇO/LOCAL | E12: MÊS 1 | G12: MÊS 2 | I12: MÊS 3 | K12: MÊS 4 | M12: MÊS 5 | O12: MÊS 6 | Q12: MÊS 7
C13: Valores | D13: % | E13: % | F13: R$ | G13: % | H13: R$ | I13: % | J13: R$ | K13: % | L13: R$ | M13: % | N13: R$ | O13: % | P13: R$ | Q13: % | R13: R$
A14: 1 | B14: =VLOOKUP(A14,ORÇAMENTO!$A$2:$M$1230,2,FALSE()) -> SERVIÇOS PRELIMINARES GERAL | C14: =VLOOKUP(A14,ORÇAMENTO!$A$2:$M$1244,13,FALSE()) -> 4991.2741 | D14: =C14/$C$35 -> 0.016701294 | E14: 0.15 | F14: =C14*E14 -> 748.69112 | G14: 0.15 | H14: =C14*G14 -> 748.69112 | I14: 0.15 | J14: =C14*I14 -> 748.69112 | K14: 0.15 | L14: =C14*K14 -> 748.69112 | M14: 0.15 | N14: =C14*M14 -> 748.69112 | O14: 0.15 | P14: =C14*O14 -> 748.69112 | Q14: 0.1 | R14: =C14*Q14 -> 499.12741 | S14: =SUM(E14+G14+I14+K14+M14+O14+Q14) -> 1
A15: 2 | B15: =VLOOKUP(A15,ORÇAMENTO!$A$2:$M$1230,2,FALSE()) -> SERVIÇOS PRELIMINARES | C15: =VLOOKUP(A15,ORÇAMENTO!$A$2:$M$1244,13,FALSE()) -> 4812.3881 | D15: =C15/$C$35 -> 0.016102724 | E15: 0.5 | F15: =E15*C15 -> 2406.1941 | G15: 0.5 | H15: =C15*G15 -> 2406.1941 | I15: 0 | J15: =C15*I15 -> 0 | K15: 0 | L15: =C15*K15 -> 0 | M15: 0 | N15: =C15*M15 -> 0 | O15: 0 | P15: =C15*O15 -> 0 | Q15: 0 | R15: =C15*Q15 -> 0 | S15: =SUM(E15+G15+I15+K15+M15+O15+Q15) -> 1
A16: 3 | B16: =VLOOKUP(A16,ORÇAMENTO!$A$2:$M$1230,2,FALSE()) -> FUNDAÇÃO, INFRAESTRUTURA E SUPERESTRUTURA | C16: =VLOOKUP(A16,ORÇAMENTO!$A$2:$M$1244,13,FALSE()) -> 7580.6566 | D16: =C16/$C$35 -> 0.025365623 | E16: 0.4 | F16: =E16*C16 -> 3032.2626 | G16: 0.4 | H16: =C16*G16 -> 3032.2626 | I16: 0.2 | J16: =C16*I16 -> 1516.1313 | K16: 0 | L16: =C16*K16 -> 0 | M16: 0 | N16: =C16*M16 -> 0 | O16: 0 | P16: =C16*O16 -> 0 | Q16: 0 | R16: =C16*Q16 -> 0 | S16: =SUM(E16+G16+I16+K16+M16+O16+Q16) -> 1
A17: 4 | B17: =VLOOKUP(A17,ORÇAMENTO!$A$2:$M$1230,2,FALSE()) -> ALVENARIA E OUTRAS VEDAÇÕES | C17: =VLOOKUP(A17,ORÇAMENTO!$A$2:$M$1244,13,FALSE()) -> 24103.408 | D17: =C17/$C$35 -> 0.080652374 | E17: 0.3 | F17: =E17*C17 -> 7231.0224 | G17: 0.3 | H17: =C17*G17 -> 7231.0224 | I17: 0.4 | J17: =C17*I17 -> 9641.3632 | K17: 0 | L17: =C17*K17 -> 0 | M17: 0 | N17: =C17*M17 -> 0 | O17: 0 | P17: =C17*O17 -> 0 | Q17: 0 | R17: =C17*Q17 -> 0 | S17: =SUM(E17+G17+I17+K17+M17+O17+Q17) -> 1
A18: 5 | B18: =VLOOKUP(A18,ORÇAMENTO!$A$2:$M$1230,2,FALSE()) -> INSTALAÇÕES HIDROSSANITÁRIAS | C18: =VLOOKUP(A18,ORÇAMENTO!$A$2:$M$1244,13,FALSE()) -> 3606.2449 | D18: =C18/$C$35 -> 0.01206685 | E18: 0.3 | F18: =E18*C18 -> 1081.8735 | G18: 0.4 | H18: =C18*G18 -> 1442.498 | I18: 0.3 | J18: =C18*I18 -> 1081.8735 | K18: 0 | L18: =C18*K18 -> 0 | M18: 0 | N18: =C18*M18 -> 0 | O18: 0 | P18: =C18*O18 -> 0 | Q18: 0 | R18: =C18*Q18 -> 0 | S18: =SUM(E18+G18+I18+K18+M18+O18+Q18) -> 1
A19: 6 | B19: =VLOOKUP(A19,ORÇAMENTO!$A$2:$M$1230,2,FALSE()) -> INSTALAÇÕES ELÉTRICAS | C19: =VLOOKUP(A19,ORÇAMENTO!$A$2:$M$1244,13,FALSE()) -> 3389.8876 | D19: =C19/$C$35 -> 0.011342897 | E19: 0.3 | F19: =E19*C19 -> 1016.9663 | G19: 0.3 | H19: =C19*G19 -> 1016.9663 | I19: 0.2 | J19: =C19*I19 -> 677.97752 | K19: 0.2 | L19: =C19*K19 -> 677.97752 | M19: 0 | N19: =C19*M19 -> 0 | O19: 0 | P19: =C19*O19 -> 0 | Q19: 0 | R19: =C19*Q19 -> 0 | S19: =SUM(E19+G19+I19+K19+M19+O19+Q19) -> 1
A20: 7 | B20: =VLOOKUP(A20,ORÇAMENTO!$A$2:$M$1230,2,FALSE()) -> ESQUADRIAS | C20: =VLOOKUP(A20,ORÇAMENTO!$A$2:$M$1244,13,FALSE()) -> 9830.6387 | D20: =C20/$C$35 -> 0.032894284 | E20: 0 | F20: =E20*C20 -> 0 | G20: 0 | H20: =C20*G20 -> 0 | I20: 0 | J20: =C20*I20 -> 0 | K20: 0 | L20: =C20*K20 -> 0 | M20: 0.5 | N20: =C20*M20 -> 4915.3194 | O20: 0.2 | P20: =C20*O20 -> 1966.1277 | Q20: 0.3 | R20: =C20*Q20 -> 2949.1916 | S20: =SUM(E20+G20+I20+K20+M20+O20+Q20) -> 1
A21: 8 | B21: =VLOOKUP(A21,ORÇAMENTO!$A$2:$M$1230,2,FALSE()) -> PISOS | C21: =VLOOKUP(A21,ORÇAMENTO!$A$2:$M$1244,13,FALSE()) -> 6883.0536 | D21: =C21/$C$35 -> 0.023031374 | E21: 0 | F21: =E21*C21 -> 0 | G21: 0.5 | H21: =C21*G21 -> 3441.5268 | I21: 0.3 | J21: =C21*I21 -> 2064.9161 | K21: 0.2 | L21: =C21*K21 -> 1376.6107 | M21: 0 | N21: =C21*M21 -> 0 | O21: 0 | P21: =C21*O21 -> 0 | Q21: 0 | R21: =C21*Q21 -> 0 | S21: =SUM(E21+G21+I21+K21+M21+O21+Q21) -> 1
A22: 9 | B22: =VLOOKUP(A22,ORÇAMENTO!$A$2:$M$1230,2,FALSE()) -> REVESTIMENTOS | C22: =VLOOKUP(A22,ORÇAMENTO!$A$2:$M$1244,13,FALSE()) -> 16240.374 | D22: =C22/$C$35 -> 0.054341888 | E22: 0 | F22: =E22*C22 -> 0 | G22: 0 | H22: =C22*G22 -> 0 | I22: 0.2 | J22: =C22*I22 -> 3248.0748 | K22: 0.5 | L22: =C22*K22 -> 8120.1869 | M22: 0.3 | N22: =C22*M22 -> 4872.1121 | O22: 0 | P22: =C22*O22 -> 0 | Q22: 0 | R22: =C22*Q22 -> 0 | S22: =SUM(E22+G22+I22+K22+M22+O22+Q22) -> 1
A23: 10 | B23: =VLOOKUP(A23,ORÇAMENTO!$A$2:$M$1230,2,FALSE()) -> PINTURAS | C23: =VLOOKUP(A23,ORÇAMENTO!$A$2:$M$1244,13,FALSE()) -> 635.47097 | D23: =C23/$C$35 -> 0.0021263484 | E23: 0 | F23: =E23*C23 -> 0 | G23: 0 | H23: =C23*G23 -> 0 | I23: 0 | J23: =C23*I23 -> 0 | K23: 0.2 | L23: =C23*K23 -> 127.09419 | M23: 0.3 | N23: =C23*M23 -> 190.64129 | O23: 0.2 | P23: =C23*O23 -> 127.09419 | Q23: 0.3 | R23: =C23*Q23 -> 190.64129 | S23: =SUM(E23+G23+I23+K23+M23+O23+Q23) -> 1
A24: 11 | B24: =VLOOKUP(A24,ORÇAMENTO!$A$2:$M$1230,2,FALSE()) -> LOUÇAS E ACESSÓRIOS | C24: =VLOOKUP(A24,ORÇAMENTO!$A$2:$M$1244,13,FALSE()) -> 11666.455 | D24: =C24/$C$35 -> 0.039037107 | E24: 0 | F24: =E24*C24 -> 0 | G24: 0 | H24: =C24*G24 -> 0 | I24: 0 | J24: =C24*I24 -> 0 | K24: 0 | L24: =C24*K24 -> 0 | M24: 0 | N24: =C24*M24 -> 0 | O24: 0.2 | P24: =C24*O24 -> 2333.2911 | Q24: 0.8 | R24: =C24*Q24 -> 9333.1642 | S24: =SUM(E24+G24+I24+K24+M24+O24+Q24) -> 1
A25: 12 | B25: =VLOOKUP(A25,ORÇAMENTO!$A$2:$M$1230,2,FALSE()) -> SERVIÇOS PRELIMINARES | C25: =VLOOKUP(A25,ORÇAMENTO!$A$2:$M$1244,13,FALSE()) -> 8898.8959 | D25: =C25/$C$35 -> 0.029776581 | E25: 0.15 | F25: =E25*C25 -> 1334.8344 | G25: 0.15 | H25: =C25*G25 -> 1334.8344 | I25: 0.15 | J25: =C25*I25 -> 1334.8344 | K25: 0.15 | L25: =C25*K25 -> 1334.8344 | M25: 0.15 | N25: =C25*M25 -> 1334.8344 | O25: 0.15 | P25: =C25*O25 -> 1334.8344 | Q25: 0.1 | R25: =C25*Q25 -> 889.88959 | S25: =SUM(E25+G25+I25+K25+M25+O25+Q25) -> 1
A26: 13 | B26: =VLOOKUP(A26,ORÇAMENTO!$A$2:$M$1230,2,FALSE()) -> ALVENARIA E OUTRAS VEDAÇÕES | C26: =VLOOKUP(A26,ORÇAMENTO!$A$2:$M$1244,13,FALSE()) -> 3023.4819 | D26: =C26/$C$35 -> 0.010116868 | E26: 0 | F26: =E26*C26 -> 0 | G26: 0 | H26: =C26*G26 -> 0 | I26: 0.3 | J26: =C26*I26 -> 907.04458 | K26: 0.3 | L26: =C26*K26 -> 907.04458 | M26: 0.2 | N26: =C26*M26 -> 604.69638 | O26: 0.2 | P26: =C26*O26 -> 604.69638 | Q26: 0 | R26: =C26*Q26 -> 0 | S26: =SUM(E26+G26+I26+K26+M26+O26+Q26) -> 1
... A33: 20 | B33: =VLOOKUP(A33,ORÇAMENTO!$A$2:$M$1230,2,FALSE()) -> LIMPEZA GERAL | C33: =VLOOKUP(A33,ORÇAMENTO!$A$2:$M$1244,13,FALSE()) -> 9158.576 | D33: =C33/$C$35 -> 0.030645496 | E33: 0.05 | F33: =E33*C33 -> 457.9288 | G33: 0.15 | H33: =C33*G33 -> 1373.7864 | I33: 0.15 | J33: =C33*I33 -> 1373.7864 | K33: 0.15 | L33: =C33*K33 -> 1373.7864 | M33: 0.15 | N33: =C33*M33 -> 1373.7864 | O33: 0.15 | P33: =C33*O33 -> 1373.7864 | Q33: 0.2 | R33: =C33*Q33 -> 1831.7152 | S33: =SUM(E33+G33+I33+K33+M33+O33+Q33) -> 1
B35: TOTAL | C35: =SUM(C14:C33) -> 298855.53 | D35: =SUM(D14:D33) -> 1
D37: R$ parcial (valor período) | E37: =SUM(F14:F33) -> 34016.708 | G37: =SUM(H14:H33) -> 38106.704 | I37: =SUM(J14:J33) -> 40093.907 | K37: =SUM(L14:L33) -> 44698.151 | M37: =SUM(N14:N33) -> 48885.034 | O37: =SUM(P14:P33) -> 47543.024 | Q37: =SUM(R14:R33) -> 45512.005
D38: %_parcial (período) | E38: =SUM(E37/$C$35) -> 0.11382325 | G38: =SUM(G37/$C$35) -> 0.12750878 | I38: =SUM(I37/$C$35) -> 0.13415816 | K38: =SUM(K37/$C$35) -> 0.14956441 | M38: =SUM(M37/$C$35) -> 0.16357413 | O38: =SUM(O37/$C$35) -> 0.15908363 | Q38: =SUM(Q37/$C$35) -> 0.15228764
D39: R$_ acumulado | E39: =E37 -> 34016.708 | G39: =E39+G37 -> 72123.412 | I39: =G39+I37 -> 112217.32 | K39: =I39+K37 -> 156915.47 | M39: =K39+M37 -> 205800.5 | O39: =M39+O37 -> 253343.53 | Q39: =O39+Q37 -> 298855.53
D40: %_acumulado | E40: =E38 -> 0.11382325 | G40: =E40+G38 -> 0.24133203 | I40: =G40+I38 -> 0.37549019 | K40: =I40+K38 -> 0.52505459 | M40: =K40+M38 -> 0.68862872 | O40: =M40+O38 -> 0.84771236 | Q40: =O40+Q38 -> 1

Sheet BDI
E3: UNIVERSIDADE ESTADUAL DO NORTE DO PARANÁ
E4: CNPJ: 08.885.100/0001-54
E5: OBRA: ADEQUAÇÕES NO HOSPITAL VETERINÁRIO - CLM
E6: Local: Campus Luiz Meneghel
E7: Data do orçamento: MAIO/2025
E8: REFERÊNCIA DE PREÇOS : SINAPI_03/2025
E9: RESP.TÉCNICO: ARQ. AMANDA ALVES DA SILVA - CAU A145.438-3
A11: COMPOSIÇÃO DO BDI
A12: CUSTO TOTAL DO SERVIÇO (R$)
A13: ITEM | B13: DISCRIMINAÇÃO | E13: VALOR | F13: TAXA (%) | G13: OBSERVAÇÃO | H13: SITUAÇÃO DO INTERVALO ADMISSÍVEL | I13: PARCELAS DO BDI (%)
I14: 1 QUARTIL | J14: MÉDIO | K14: 3 QUARTIL
A15: 1 | B15: AC – ADMINISTRAÇÃO CENTRAL | F15: 0.03 | H15: OK | I15: 0.03 | J15: 0.04 | K15: 0.055
A16: 2 | B16: SG – SEGUROS + GARANTIA | F16: 0.008 | H16: OK | I16: 0.008 | J16: 0.008 | K16: 0.01
A17: 3 | B17: R – RISCOS | F17: 0.0097 | H17: OK | I17: 0.0097 | J17: 0.0127 | K17: 0.0127
A18: 4 | B18: DF – DESPESAS FINANCEIRAS | F18: 0.0059 | H18: OK | I18: 0.0059 | J18: 0.0123 | K18: 0.0139
A19: 5 | B19: L – LUCRO BRUTO | F19: 0.06245 | H19: OK | I19: 0.0616 | J19: 0.074 | K19: 0.0896
A20: 6 | B20: I – IMPOSTOS | F20: =SUM(F21:F24) -> 0.1115 | G20: FÓRMULA DO BDI DE ACORDO COM ACÓRDÃO 2.369/2011-TCU- PLENÁRIO
A21: 43836 | B21: PIS | F21: 0.0065
A22: 43867 | B22: COFINS | F22: 0.03
A23: 43896 | B23: ISS (CONFORME LEGISLAÇÃO MUNICIPAL) | F23: 0.03
A24: 43927 | B24: CONTRIB. PREVIDÊNCIA SOBRE RECEITA BRUTA – CPRB | F24: 0.045
A26: TOTAL DO BDI (R$)
A27: PREÇO DE VENDA (R$) | G27: ONDE:
A28: BDI (%) | F28: =(((1+(F15+F16+F17))*(1+F18)*(1+F19))/(1-F20))-1 -> 0.26020971 | G28: AC : TAXA DE ADMINISTRAÇÃO CENTRAL
G29: S: TAXA DE SEGURO
G30: G: TAXA DE GARANTIAS
G31: R: TAXA DE RISCOS
G32: DF: TAXA DE DESPESAS
G33: L: TAXA DE LUCRO
G34: I: TAXA DE INCIDÊNCIA DE IMPOSTOS (PIS, COFINS, ISS, CPRB)
A38: COMPOSIÇÃO DO BDI REDUZIDO
A39: CUSTO TOTAL DO SERVIÇO (R$)
A40: ITEM | B40: DISCRIMINAÇÃO | E40: VALOR | F40: TAXA (%) | G40: OBSERVAÇÃO | H40: SITUAÇÃO DO INTERVALO ADMISSÍVEL | I40: PARCELAS DO BDI (%)
I41: 1 QUARTIL | J41: MÉDIO | K41: 3 QUARTIL
A42: 1 | B42: AC – ADMINISTRAÇÃO CENTRAL | F42: 0.015 | H42: =IF(AND(F42>=I42,F42<=K42),"OK","DIFERE") -> OK | I42: 0.015 | J42: 0.0345 | K42: 0.0449
A43: 2 | B43: SG – SEGUROS + GARANTIA | F43: 0.003 | H43: =IF(AND(F43>=I43,F43<=K43),"OK","DIFERE") -> OK | I43: 0.003 | J43: 0.0048 | K43: 0.0082
A44: 3 | B44: R – RISCOS | F44: 0.0056 | H44: =IF(AND(F44>=I44,F44<=K44),"OK","DIFERE") -> OK | I44: 0.0056 | J44: 0.0085 | K44: 0.0089
A45: 4 | B45: DF – DESPESAS FINANCEIRAS | F45: 0.0085 | H45: =IF(AND(F45>=I45,F45<=K45),"OK","DIFERE") -> OK | I45: 0.0085 | J45: 0.0085 | K45: 0.0111
A46: 5 | B46: L – LUCRO BRUTO | F46: 0.0352 | H46: =IF(AND(F46>=I46,F46<=K46),"OK","DIFERE") -> OK | I46: 0.035 | J46: 0.0511 | K46: 0.0622
A47: 6 | B47: I – IMPOSTOS | F47: =SUM(F48:F51) -> 0.0815 | G47: FÓRMULA DO BDI DE ACORDO COM ACÓRDÃO 2.369/2011-TCU- PLENÁRIO
A48: 43836 | B48: PIS | F48: 0.0065
A49: 43867 | B49: COFINS | F49: 0.03
A50: 43896 | B50: ISS (CONFORME LEGISLAÇÃO MUNICIPAL) | F50: 0
A51: 43927 | B51: CONTRIB. PREVIDÊNCIA SOBRE RECEITA BRUTA – CPRB | F51: 0.045
A53: TOTAL DO BDI (R$)
A54: PREÇO DE VENDA (R$) | G54: ONDE:
A55: BDI (%) | F55: =(((1+(F42+F43+F44))*(1+F45)*(1+F46))/(1-F47))-1 -> 0.16345953 | G55: AC : TAXA DE ADMINISTRAÇÃO CENTRAL
G56: S: TAXA DE SEGURO
A57: Parâmetros do Acórdão 2.622/2013 - Plenário | G57: G: TAXA DE GARANTIAS
A58: Sem CPRB | B58: 0.111 | C58: 0.1402 | D58: 0.168 | G58: R: TAXA DE RISCOS
A59: Com CPRB | B59: 0.1634 | C59: 0.1939 | D59: 0.223 | G59: DF: TAXA DE DESPESAS
G60: L: TAXA DE LUCRO
G61: I: TAXA DE INCIDÊNCIA DE IMPOSTOS (PIS, COFINS, ISS, CPRB)
A62: OBS: Para o BDI reduzido, considerou-se nulo o ISS e uma parcela reduzida para administração central e lucro para remunerar os custos inerentes às aquisições e armazenamento por parte da empresa contratada, por isso o valor da taxa de BDI é menor do que a que foi adotada para o restante do orçamento da obra.
